 Seeded DCSS version 0.31-a0-1083-g4fe0c3d (webtiles) character file.

Game seed: 8889874930823412223 (custom seed)

21015447 PurpleRed the Archmage (level 27, 199/199 HPs)
             Began as a Tengu Reaver on Nov 26, 2023.
             Was the Champion of Vehumet.
             Escaped with the Orb
             ... and 15 runes on Nov 27, 2023!
             The game lasted 06:01:14 (72684 turns).

PurpleRed the Archmage (Tengu Reaver)              Turns: 72684, Time: 06:01:15

Health: 199/199    AC: 15    Str: 18    XL:     27
Magic:  55/55      EV: 24    Int: 51    God:    Vehumet [******]
Gold:   9774       SH: 18    Dex: 13    Spells: 25/80 levels left

rFire   + + +        b - staff of the Wasteland {rF+ rCorr Earth}
rCold   + + +        B - +2 shield of Resistance {rF++ rC++ Will++}
rNeg    + + +        t - +2 troll leather armour of Xuhiamo {Regen+ Int+5}
rPois   ∞            J - +3 crown of Dyrovepreva {rElec Int+2 SInv}
rElec   +            k - +0 cloak of the Bells {Int+6}
rCorr   +            P - +2 pair of gloves of Teobb {Contam +Blink Str+8 Int+4}
SInv    +            (boots unavailable)
Will    +++++        U - amulet of Vitality {RegenMP++ Regen++}
Stlth   +++          y - ring of the Mage {Wiz Archmagi}
HPRegen 2.93/turn    w - ring "Xutipi" {+Blink rElec rC+ Str-4 Int+8 Slay+5}
MPRegen 1.14/turn

%: acrobat, wizardry (x1), archmagi
@: death-form, flying, studying 3 skills
A: vile attack, torment immunity, no potions, flying, beak, talons 3, evasive
flight, acrobatic
0: Orb of Zot
}: 15/15 runes: barnacled, slimy, silver, golden, iron, obsidian, icy, bone,
abyssal, demonic, glowing, magical, fiery, dark, gossamer
a: Siphon Essence, Begin Untransformation, Renounce Religion, Evoke Blink


You escaped.
You worshipped Vehumet.
Vehumet was exalted by your worship.
You were an undying horror.
You visited 18 branches of the dungeon, and saw 88 of its levels.
You visited Pandemonium 1 time, and saw 18 of its levels.
You visited the Abyss 1 time.
You visited 2 ziggurats (completing 1), and saw 44 of their levels.
You also visited: Bailey, Volcano and Wizlab.

You collected 15187 gold pieces.
You spent 5413 gold pieces at shops.

Inventory:

Hand Weapons
 o - the +6 Majin-Bo {spellvamp, MP+6 Int+6}
   (You found it on level 3 of the Depths)

   Int+6:     It affects your intelligence (+6).
   MP+6:      It affects your magic capacity (+6).
 Q - the +7 hand cannon "Mule" {flame, backblast, rF+}
   (You found it on level 8 of a ziggurat)

   rF+:       It protects you from fire.
 S - the +8 demon blade of Porum {pain, rElec rC+ rCorr Str+3}
   (You found it on level 27 of a ziggurat)

   Str+3:     It affects your strength (+3).
   rC+:       It protects you from cold.
   rElec:     It insulates you from electricity.
   rCorr:     It protects you from acid and corrosion.
Armour
 h - the +2 cloak of the Thief {*Fog Slay-2 SInv Stlth+}
   (You found it on level 16 of a ziggurat)

   *Fog:      It may release a thick cloud of smoke when the wearer is hurt.
   Slay-2:    It affects your accuracy & damage with ranged weapons and melee
   (-2).
   SInv:      It lets you see invisible.
   Stlth+:    It makes you more stealthy.
 i - the -2 hat of the Alchemist {rElec rPois rF+ rC+ rN+ Will+ rMut rCorr}
   (You found it on level 26 of a ziggurat)

   rF+:       It protects you from fire.
   rC+:       It protects you from cold.
   rElec:     It insulates you from electricity.
   rPois:     It protects you from poison rN+: It protects you from negative
   energy.
   Will+:     It increases your willpower.
   rCorr:     It protects you from acid and corrosion.
   rMut:      It protects you from mutation.
 k - the +0 cloak of the Bells (worn) {Int+6}
   (You bought it in a shop on level 1 of the Depths)

   Int+6:     It affects your intelligence (+6).
 t - the +2 troll leather armour of Xuhiamo (worn) {Regen+ Int+5}
   (You found it on level 4 of a ziggurat)

   Int+5:     It affects your intelligence (+5).
   Regen+:    It increases your rate of health regeneration.
 B - the +2 shield of Resistance (worn) {rF++ rC++ Will++}
   (You acquired it on level 26 of a ziggurat)

   rF++:      It greatly protects you from fire.
   rC++:      It greatly protects you from cold.
   Will++:    It greatly increases your willpower.
 J - the +3 crown of Dyrovepreva (worn) {rElec Int+2 SInv}
   (You found it on level 16 of a ziggurat)

   Int+2:     It affects your intelligence (+2).
   rElec:     It insulates you from electricity.
   SInv:      It lets you see invisible.
 P - the +2 pair of gloves of Teobb (worn) {Contam +Blink Str+8 Int+4}
   (You acquired it on level 3 of the Elven Halls)

   Str+8:     It affects your strength (+8).
   Int+4:     It affects your intelligence (+4).
   +Blink:    It lets you blink.
   Contam:    It causes magical contamination when unequipped.
 R - the +1 robe of Vines {NoPotionHeal Regen++++}
   (You found it on level 10 of a ziggurat)

   NoPotionHeal: Its wearer cannot be healed by potions.
   Regen++++: It increases your rate of health regeneration.
 Y - the sphere of Battle
   (You bought it in a shop on level 12 of the Dungeon)

   Battle:    It summons a battlesphere in combat, with strength depending on
   Conjurations skill.
   Destructive: It enhances your destructive magic, and weakens non-destructive
   magic.
Magical Staves
 a - the staff of the Riding Spider {+Blink rF+ Dex+7 Fire}
   (You found it on level 7 of a ziggurat)

   [staff of fire]

   Base accuracy: +5 Base damage: 5 Base attack delay: 1.2 This weapon's minimum
   attack delay (0.6) is reached at skill level 12.
   Dex+7:     It affects your dexterity (+7).
   rF+:       It protects you from fire.
   +Blink:    It lets you blink.
   Fire:      It increases the power of your Fire spells.
   It falls into the 'Staves' category.
   It is a one-handed weapon.
 b - the staff of the Wasteland (weapon) {rF+ rCorr Earth}
   (You took it off a deep elf high priest on level 3 of the Elven Halls)

   [staff of earth]

   Base accuracy: +5 Base damage: 5 Base attack delay: 1.2 This weapon's minimum
   attack delay (0.6) is reached at skill level 12.
   rF+:       It protects you from fire.
   rCorr:     It protects you from acid and corrosion.
   Earth:     It increases the power of your Earth spells.
   It falls into the 'Staves' category.
   It is a one-handed weapon.
Jewellery
 j - the ring "Waufaok" {MP+9 Int+3 Dex+2}
   (You found it on level 5 of a ziggurat)

   [ring of magical power]

   Int+3:     It affects your intelligence (+3).
   Dex+2:     It affects your dexterity (+2).
   MP+9:      It affects your magic capacity (+9).
 q - the ring "Maeskeuk" {Fly Will+ Str-5 Int+9}
   (You found it on level 15 of a ziggurat)

   [ring of willpower]

   Str-5:     It affects your strength (-5).
   Int+9:     It affects your intelligence (+9).
   Will+:     It increases your willpower.
   Fly:       It grants you flight.
 r - the ring "Jousudis" {*Slow +Blink Int+6 Dex+4 SInv}
   (You found it on level 2 of the Tomb of the Ancients)

   [ring of intelligence]

   Int+6:     It affects your intelligence (+6).
   Dex+4:     It affects your dexterity (+4).
   SInv:      It lets you see invisible.
   +Blink:    It lets you blink.
   *Slow:     It may slow you when you take damage.
 w - the ring "Xutipi" (right hand) {+Blink rElec rC+ Str-4 Int+8 Slay+5}
   (You found it on level 5 of the Pits of Slime)

   [ring of protection from cold]

   Str-4:     It affects your strength (-4).
   Int+8:     It affects your intelligence (+8).
   Slay+5:    It affects your accuracy & damage with ranged weapons and melee
   (+5).
   rC+:       It protects you from cold.
   rElec:     It insulates you from electricity.
   +Blink:    It lets you blink.
 y - the ring of the Mage (left hand) {Wiz Archmagi}
   (You bought it in a shop on level 2 of the Orcish Mines)

   [ring of wizardry]

   Wiz:       It improves your spell success rate.
   Archmagi:  It increases the power of your magical spells.
 z - the ring of Shadows {Umbra +Inv Stlth+}
   (You found it on level 25 of a ziggurat)

   [ring of stealth]

   Umbra:     It surrounds you with an aura of shadow, increasing your stealth
   and reducing the accuracy of all others within it.
   +Inv:      It lets you turn invisible.
   Stlth+:    It makes you more stealthy.
 F - the amulet "Ydaann" {Reflect Harm MP+9 Dex+3 SH+5}
   (You acquired it in a bailey)

   [amulet of reflection]

   Reflect:   It reflects blocked missile attacks.
   Dex+3:     It affects your dexterity (+3).
   MP+9:      It affects your magic capacity (+9).
   SH+5:      It affects your SH (+5).
   Harm:      It increases damage dealt and taken.
 U - the amulet of Vitality (around neck) {RegenMP++ Regen++}
   (You found it on level 8 of a ziggurat)

   [amulet of magic regeneration]

   RegenMP:   It increases your rate of magic regeneration.
   Regen++:   It increases your rate of health regeneration.
 X - the ring of the Tortoise {AC+8}
   (You found it on level 11 of a ziggurat)

   [ring of protection]

   AC+8:      It affects your AC (+8).
Talismans
 u - a talisman of death (active)
Wands
 n - a wand of digging (80)
 K - a wand of roots (82)
 L - a wand of light (88)
Scrolls
 d - 20 scrolls of enchant armour
 m - 40 scrolls of teleportation
 v - 11 scrolls of immolation
 x - 12 scrolls of blinking
 N - 6 scrolls of revelation
 O - 12 scrolls of fear
 V - 35 scrolls of fog
Potions
 e - 15 potions of heal wounds
 f - 5 potions of haste
 g - 10 potions of lignification
 l - 12 potions of ambrosia
 p - 23 potions of curing
 s - 11 potions of cancellation
 A - 35 potions of mutation
 C - 2 potions of brilliance
 D - 16 potions of enlightenment
 G - 6 potions of invisibility
 I - 4 potions of magic
 T - 3 potions of resistance
 Z - 13 potions of might
Miscellaneous
 c - a lightning rod (4/4)
 E - a phial of floods
 W - a +1 figurine of a ziggurat


   Skills:
 O Level 27 Fighting
 - Level 3.2(9.9) Short Blades
 + Level 14.3(14.4) Long Blades
 - Level 18.0 Ranged Weapons
 - Level 16.0 Armour
 - Level 20.0 Dodging
 O Level 27 Stealth
 - Level 22.0 Shields
 O Level 27 Spellcasting
 + Level 24.3 Conjurations
 - Level 6.0 Necromancy
 - Level 1.0 Translocations
 - Level 2.0 Transmutations
 - Level 22.0 Fire Magic
 - Level 1.0 Ice Magic
 - Level 18.0 Air Magic
 - Level 18.0 Earth Magic
 - Level 2.0 Poison Magic
 - Level 12.0 Evocations
 - Level 23.0 Shapeshifting


You had 25 spell levels left.
You knew the following spells:

 Your Spells              Type           Power      Damage    Failure   Level
a - Ignition              Fire           82%        3d21      1%          8
b - Fireball              Conj/Fire      83%        3d31      0%          5
c - Fire Storm            Conj/Fire      83%        8d21      1%          9
d - Iskenderun's Mystic   Conj/Tloc      100%       2d19      0%          4
e - Apportation           Tloc           100%       N/A       1%          1
f - Bombard               Conj/Erth      94%        9d15      0%          6
g - Chain Lightning       Conj/Air       81%        3d108     1%          9
h - Blink                 Tloc           100%       N/A       1%          2
s - Shatter               Erth           90%        3d65*     1%          9
x - Sublimation of Blood  Necr           100%       N/A       1%          2

Your spell library contained the following spells:

 Spells                   Type           Power      Damage    Failure   Level
 Foxfire                  Conj/Fire      100%       2x1d9     0%          1
 Kiss of Death            Conj/Necr      100%       2d13      0%          1
 Magic Dart               Conj           100%       1d8       0%          1
 Necrotise                Necr           100%       1d9       0%          1
 Sandblast                Erth           100%       2d20      0%          1
 Shock                    Conj/Air       100%       1d9       0%          1
 Cigotuvi's Dreadful Rot  Necr/Pois/Air  100%       N/A       0%          2
 Momentum Strike          Conj/Tloc      100%       3d10      0%          2
 Passwall                 Tmut/Erth      100%       N/A       0%          2
 Poisonous Vapours        Pois/Air       100%       N/A       0%          2
 Scorch                   Fire           100%       2d9       0%          2
 Searing Ray              Conj           100%       2d8       0%          2
 Static Discharge         Conj/Air       100%       3-8/arc   0%          2
 Dazzling Flash           Conj/Hex       100%       N/A       0%          3
 Hailstorm                Conj/Ice       100%       3d20      0%          3
 Ignite Poison            Fire/Tmut/Pois 100%       N/A       0%          3
 Inner Flame              Hex/Fire       100%       N/A       0%          3
 Mephitic Cloud           Conj/Pois/Air  100%       N/A       0%          3
 Stone Arrow              Conj/Erth      100%       3d13      0%          3
 Swiftness                Air            100%       N/A       0%          3
 Volatile Blastmotes      Fire/Tloc      100%       2d18      0%          3
 Airstrike                Air            77%        2d(11-27) 0%          4
 Brom's Barrelling Bould  Conj/Erth      100%       2d11      0%          4
 Flame Wave               Conj/Fire      100%       2d21      0%          4
 Fulminant Prism          Conj/Hex       69%        3d28      0%          4
 Sticky Flame             Conj/Fire      100%       2d11      0%          4
 Arcjolt                  Conj/Air       81%        1d91      0%          5
 Freezing Cloud           Conj/Ice/Air   72%        6-21      0%          5
 Irradiate                Conj/Tmut      70%        3d35      0%          5
 Iskenderun's Battlesphe  Conj           100%       2d15      0%          5
 Lee's Rapid Deconstruct  Erth           90%        3d40*     0%          5
 Conjure Ball Lightning   Conj/Air       81%        3x3d31    0%          6
 Plasma Beam              Fire/Air       79%        2x1d97    0%          6
 Starburst                Conj/Fire      83%        6d21      0%          6
 Orb of Destruction       Conj           84%        9d19      0%          7
 Freeze                   Ice            100%       1d10      1%          1
 Slow                     Hex            100%       N/A       1%          1
 Sting                    Tmut/Pois      100%       1d8       1%          1
 Summon Small Mammal      Summ           100%       N/A       1%          1
 Call Imp                 Summ           100%       N/A       1%          2
 Ensorcelled Hibernation  Hex/Ice        100%       N/A       1%          2
 Jinxbite                 Hex            100%       N/A       1%          2
 Lesser Beckoning         Tloc           100%       N/A       1%          2
 Wereblood                Tmut           93%        N/A       1%          2
 Call Canine Familiar     Summ           80%        N/A       1%          3
 Confusing Touch          Hex            80%        N/A       1%          3
 Frozen Ramparts          Ice            100%       1d16      1%          3
 Gell's Gravitas          Tloc           87%        N/A       1%          3
 Ozocubu's Armour         Ice            87%        N/A       1%          3
 Sigil of Binding         Hex            80%        N/A       1%          3
 Summon Guardian Golem    Hex/Summ       80%        N/A       1%          3
 Teleport Other           Tloc           87%        N/A       1%          3
 Tukima's Dance           Hex            80%        N/A       1%          3
 Vampiric Draining        Necr           100%       2d13      1%          3
 Anguish                  Hex/Necr       49%        N/A       1%          4
 Animate Armour           Summ/Erth      100%       N/A       1%          4
 Animate Dead             Necr           100%       N/A       1%          4
 Cause Fear               Hex            40%        N/A       1%          4
 Dimensional Bullseye     Hex/Tloc       42%        N/A       1%          4
 Dispel Undead            Necr           100%       3d31      1%          4
 Leda's Liquefaction      Hex/Erth       76%        N/A       1%          4
 Manifold Assault         Tloc           87%        N/A       1%          4
 Olgreb's Toxic Radiance  Pois           93%        N/A       1%          4
 Passage of Golubria      Tloc           87%        N/A       1%          4
 Petrify                  Tmut/Erth      100%       N/A       1%          4
 Summon Ice Beast         Ice/Summ       84%        N/A       1%          4
 Summon Lightning Spire   Summ/Air       100%       N/A       1%          4
 Vhi's Electric Charge    Tloc/Air       100%       N/A       1%          4
 Agony                    Necr           100%       N/A       1%          5
 Alistair's Intoxication  Tmut/Pois      62%        N/A       1%          5
 Borgnjor's Vile Clutch   Necr/Erth      81%        N/A       1%          5
 Metabolic Englaciation   Hex/Ice        42%        N/A       1%          5
 Silence                  Hex/Air        63%        N/A       1%          5
 Summon Forest            Summ/Tloc      42%        N/A       1%          5
 Yara's Violent Unravell  Hex/Tmut       43%        3d17      1%          5
 Death Channel            Necr           57%        N/A       1%          6
 Eringya's Noxious Bog    Tmut/Pois      46%        4d6       1%          6
 Spellforged Servitor     Conj/Summ      69%        N/A       1%          7
 Lehudib's Crystal Spear  Conj/Erth      94%        10d21     1%          8
 Maxwell's Capacitive Co  Air            77%        ∞         1%          8
 Summon Mana Viper        Hex/Summ       80%        N/A       2%          5
 Simulacrum               Ice/Necr       51%        N/A       2%          6
 Dispersal                Tloc           43%        N/A       9%          6
 Ozocubu's Refrigeration  Ice            43%        4d17      11%         7
 Summon Cactus Giant      Summ           40%        N/A       12%         6
 Haunt                    Necr/Summ      49%        N/A       19%         7
 Borgnjor's Revivificati  Necr           57%        N/A       38%         8
 Infestation              Necr           57%        N/A       38%         8
 Malign Gateway           Summ/Tloc      42%        N/A       45%         7
 Enfeeble                 Hex            40%        N/A       52%         7
 Monstrous Menagerie      Summ           40%        N/A       52%         7
 Summon Hydra             Summ           40%        N/A       52%         7
 Discord                  Hex            40%        N/A       99%         8
 Summon Horrible Things   Summ           40%        N/A       99%         8
 Death's Door             Necr           57%        N/A       99%         9
 Polar Vortex             Ice            43%        12d5*     99%         9
 Dragon's Call            Summ           40%        N/A       100%        9


Dungeon Overview and Level Annotations

Branches:
Dungeon (15/15)            Temple (1/1) D:7            Lair (5/5) D:9
 Shoals (4/4) Lair:3       Spider (4/4) Lair:2        Slime (5/5) Lair:5
    Orc (2/2) D:10            Elf (3/3) Orc:2        Vaults (5/5) D:14
  Crypt (3/3) Vaults:2       Tomb (3/3) Crypt:3      Depths (4/4) D:15
   Hell (visited)             Dis (7/7) Hell            Geh (7/7) Hell
    Coc (7/7) Hell            Tar (7/7) Hell            Zot (5/5) Depths:4
 Bailey (visited)         Volcano (visited)          WizLab (visited)

Altars:
Ashenzari
Cheibriados
Dithmenos
Elyvilon
Fedhas
Gozag
Hepliaklqana
Kikubaaqudgha
Makhleb
Nemelex Xobeh
Okawaru
Qazlal
Ru
Sif Muna
Trog
Uskayaw
Vehumet
Wu Jian
Xom
Yredelemnul
Zin
The Shining One
Jiyva
Lugonu

Shops:
D:2 [   D:10 [   D:11 *   D:12 **   Orc:2 *(*=   Elf:3 [   Vaults:5 [[
Depths:1 [

Portals:
Hell: Depths:1 Depths:2 Depths:3* Depths:4
Abyss: Depths:2 Depths:3
Pandemonium: Orc:2 Depths:1 Depths:2

Annotations:
D:12 3 runed translucent doors
Lair:5 exclusion: 3 oklob plants
Elf:2 3 runed translucent doors


Innate Abilities, Weirdness & Mutations

You are an undying horror.
Your melee and unarmed attacks drain, slow and weaken victims.
You are immune to unholy pain and torment.
You cannot drink.
You are flying.
You are immune to poison.
You have a beak for a mouth.
You have claws for feet.
Your magical flight helps you evade attacks. (EV +4)
You can magically evade attacks while moving or waiting.


Message History

You fly downwards.
Level annotation: 1 runed translucent door, Crazy Yiuf
There is a stone staircase leading up here.
Casting: Shatter (dangerous; 1% risk of failure)
Confirm with . or Enter, or press ? or * to list all spells.
You feel a strong surge of power!
The dungeon rumbles!
A door shatters!
You kill Crazy Yiuf!
Vehumet accepts your kill.
You feel your power returning.
Ka-crash!
Things that are here:
a +2 quarterstaff of chaos; a +0 cloak
There is a stone staircase leading up here.
You fly upwards.
There is a stone staircase leading down here.
Casting: Shatter (dangerous; 1% risk of failure)
Confirm with . or Enter, or press ? or * to list all spells.
You feel a strong surge of power!
The dungeon rumbles!
Ka-crash!
Casting: Shatter (dangerous; 1% risk of failure)
Confirm with . or Enter, or press ? or * to list all spells.
You feel a strong surge of power!
The dungeon rumbles!
Ka-crash!
Casting: Shatter (dangerous; 1% risk of failure)
Confirm with . or Enter, or press ? or * to list all spells.
You feel a strong surge of power!
The dungeon rumbles!
Ka-crash!
Aiming: Dig
Press: ? - help, Shift-Dir - straight line A rock wall.
This square is covered in magical glow.
The rock shatters into small pieces.
There is a staircase leading out of the dungeon here.
You start resting.
Magic restored.
You start resting.
Magic restored.
You have escaped!

#.......##..[# #........# #
##.###...##..# #........####
#.# #....#..# #............
#.# #..8.#..# #............
#.# #....#..# #............
#.# #...##..# #.##....###.#
#.# #..##...# #.......# #.#
####.# #..#....######.#### #..
#....# #..'..z.'.# #.# #.#
#.#### #..#....#.####.## ...
#.# #..##.....>##.#.####...
#.# #...##..#....###.##....
#.######....#..#.....#.##..#..
#.........8.#..##..##.###.....
######.#....#..##.#.######>...
#.#...##..#..##.###......
#.#..##...######.........


There were no monsters in sight!

Vanquished Creatures
  Cerebov (Pan)
  Antaeus (Coc:7)
  Asmodeus (Geh:7)
  Gloorx Vloq (Pan)
  Ereshkigal (Tar:7)
  the Serpent of Hell (Geh:7)
  Mnoleg (Pan)
  Lom Lobon (Pan)
  22 dread liches
  Dispater (Dis:7)
  11 ancient liches
  6 orbs of fire (Zot:5)
  Mara (Vaults:5)
  4 juggernauts
  23 shard shrikes
  Frederick (Crypt:1)
  34 royal mummies
  11 pandemonium lords
  8 Killer Klowns
  Xtahua (Depths:3)
  40 caustic shrikes
  Geryon (Hell)
  Jory (Depths:4)
  The ghost of crisisinutopia the Impregnable, an adept MiFi of Okawaru (Vaults:1)
  9 golden dragons
  10 profane servitors
  The ghost of Ulem the Slayer, an adept MiBe of Trog (Elf:1)
  14 bone dragons
  Norris (Depths:3)
  6 doom hounds
  Arachne (Spider:4)
  11 Tzitzimimeh
  17 Brimstone Fiends
  A spectral shard shrike (Tar:6)
  4 electric golems
  20 hellephants
  23 iron giants
  A shard shrike zombie (Crypt:3)
  Jorgrun (Orc:1)
  42 Hell Sentinels
  Mlioglotl (Spider:3)
  The ghost of Tiaqy the Sensei, an adept HuSh of Makhleb (Elf:1)
  29 Orb Guardians
  Asterion (Depths:2)
  13 tentacled monstrosities
  21 titans
  32 Ice Fiends
  13 liches
  Rupert (D:14)
  7 deep elf master archers
  14 tainted leviathans
  2 quicksilver dragons
  Grunn (Depths:3)
  33 acid blobs
  15 sphinxes
  6 deep elf blademasters
  A walking frostbound tome (Depths:4)
  3 krakens (Shoals:2)
  A death cob (Zot:5)
  27 Executioners
  43 ancient champions
  2 thorn hunters
  5 tentacled starspawn
  Polyphemus (Shoals:4)
  22 searing wretches
  2 shadow dragons (shapeshifter)
  7 storm dragons
  3 shadow dragons
  9 tengu reavers
  9 fenstrider witches
  16 revenants
  14 demonspawn warmongers
  2 daevas
  12 rockslimes
  2 draconian monks (Zig:9)
  21 azure jellies
  The ghost of dontdoit the Severer, an adept GrFi of Okawaru (Shoals:2)
  31 fire giants
  An azure jelly (shapeshifter) (Zig:10)
  2 iron dragons
  Aizul (Shoals:1)
  12 nagarajas
  9 deep elf sorcerers
  12 frost giants
  46 balrugs
  The ghost of Wecaes the Arsonist, a journeyman HOFE of Okawaru (Shoals:2)
  4 draconian knights
  21 quicksilver elementals
  5 draconian shifters
  31 ghost moths
  9 emperor scorpions
  2 deep elf elementalists (Elf:3)
  A spectral caustic shrike (Tar:6)
  11 narguns
  5 draconian scorchers
  A ghoul (Zig:26)
  2 angels (WizLab)
  14 draconian stormcallers
  5 shard shrike simulacra
  11 curse skulls
  19 orc warlords
  6 formless jellyfish
  18 vault wardens
  11 broodmothers
  13 cacodemons
  The ghost of Tofew the Severer, a journeyman BaBe of Trog (Elf:1)
  A quicksilver ooze (shapeshifter) (D:14)
  11 demonspawn corrupters
  16 quicksilver oozes
  12 demonspawn blood saints
  25 war gargoyles
  14 ironbound preservers
  7 draconian annihilators
  24 elemental wellsprings
  17 reapers
  30 vampire knights
  14 ironbound thunderhulks
  2 juggernaut skeletons
  38 very ugly things
  5 green draconians
  A starflower (Abyss:4)
  27 stone giants
  3 black draconians
  15 dire elephants
  Nessos (D:15)
  13 deep elf demonologists
  14 starcursed masses
  Azrael (Spider:1)
  A spectral titan (Tar:3)
  4 minotaurs
  10 demonspawn black suns
  15 wendigos
  17 lorocyprocas
  6 yellow draconians
  4 eleionomae
  20 spark wasps
  23 deep elf annihilators
  5 purple draconians
  8 bennus
  8 putrid mouths
  4 white draconians
  4 bunyips
  4 red draconians
  Snorg (Lair:4)
  15 deep elf death magi
  16 ettins
  30 blizzard demons
  2 crystal guardians (WizLab)
  25 iron golems
  An acid blob zombie (Crypt:1)
  10 green deaths
  16 eidola
  11 yaktaur captains
  7 merfolk javelineers
  9 merfolk impalers
  20 jiangshi
  2 quicksilver dragon zombies
  9 fire dragons
  31 mummy priests
  5 shambling mangroves
  13 entropy weavers
  A spectral spriggan (Tar:3)
  32 vault guards
  16 great orbs of eyes
  15 deep elf high priests
  Harold (D:9)
  4 rakshasas
  2 spriggan zombies
  4 ogre magi
  6 juggernaut simulacra
  19 salamander tyrants
  A fenstrider witch zombie (Crypt:3)
  8 radroaches
  6 spriggan air magi
  Fannar (D:10)
  16 hydras
  7 peacekeepers
  8 spriggan skeletons
  6 alligator snapping turtles
  9 caustic shrike simulacra
  A death knight (D:14)
  7 hell beasts
  12 ironbound frosthearts
  4 jorogumos
  5 ice dragons
  2 alligators (Zig:10)
  10 satyrs
  A sphinx zombie (Depths:3)
  A fenstrider witch skeleton (Tomb:1)
  9 merfolk aquamancers
  A catoblepas (Shoals:4)
  4 stokers
  8 two-headed ogres
  A boulder beetle (shapeshifter) (Vaults:4)
  5 boulder beetles
  12 centaur warriors
  6 merfolk avatars
  43 dancing weapons
  8 deep troll earth magi
  14 death yaks
  37 death scarabs
  19 hell hogs
  A naga warrior (Zig:17)
  28 vampire magi
  2 deep troll shamans
  4 naga sharpshooters (Zig:17)
  15 demonic crawlers
  2 tengu warriors
  3 titan zombies
  Sonja (D:10)
  An animated armour (Depths:1)
  4 spectral nagas
  6 thrashing horrors (Zig:19)
  2 spriggan berserkers
  42 soul eaters
  3 spriggans (Zig:12)
  Nergalle (D:10)
  24 orc high priests
  3 shock serpents
  16 deep elf knights
  5 occultists
  8 crystal echidnas
  10 hell knights
  2 titan skeletons
  14 iron trolls
  A skyshark (shapeshifter) (Depths:2)
  2 spatial maelstroms
  62 sun demons
  A bunyip zombie (Crypt:3)
  12 sea snakes
  12 pharaoh ants
  30 shadow wraiths
  36 skeletal warriors
  21 sixfirhies
  2 storm dragon skeletons
  6 wretched stars
  2 storm dragon zombies (Zig:22)
  10 skysharks
  2 spectral death yaks (Lair:5)
  6 goliath frogs
  A golden dragon zombie (Zig:22)
  3 quicksilver dragon simulacra
  17 orb spiders
  7 glowing orange brains
  5 sun moths
  6 orange crystal statues
  4 spectral anacondas
  3 spriggan druids
  A swamp dragon (shapeshifter) (Zig:13)
  6 spriggan simulacra
  27 ironbound convokers
  11 flayed ghosts
  3 swamp dragons
  2 bog bodies
  A salamander mystic (Zig:17)
  A lindwurm (shapeshifter) (Vaults:5)
  35 deep trolls
  3 spectral hydras
  18 deep elf archers
  A naga ritualist (Zig:17)
  14 shadow demons
  A steelbarb worm (shapeshifter) (Zig:10)
  6 lindwurms
  A spectral iron dragon (Tar:5)
  An anaconda skeleton (Pan)
  Pikel (D:7)
  5 obsidian statues
  14 necromancers
  25 orc knights
  16 harpies (Shoals:4)
  2 fenstrider witch simulacra (Coc:2)
  A sphinx simulacrum (Vaults:4)
  An iron dragon zombie (Zig:7)
  4 arcanists
  3 tengu skeletons
  2 shadow dragon zombies
  A tengu zombie (Zig:14)
  3 mana vipers
  27 deep elf pyromancers
  23 deep elf zephyrmancers
  23 cyclopes
  26 fauns
  11 steelbarb worms
  A shining eye (shapeshifter) (Vaults:5)
  9 salamanders
  22 orc sorcerers
  A fire giant zombie (Vaults:4)
  17 phantasmal warriors
  A manticore (shapeshifter) (Vaults:5)
  32 ugly things
  A faun (shapeshifter) (D:15)
  6 will-o-the-wisps
  8 shining eyes
  2 shadow dragon skeletons
  39 wolf spiders
  3 human zombies
  An elephant (shapeshifter) (Depths:2)
  A spectral alligator snapping turtle (Tar:2)
  5 stone giant skeletons
  2 black mambas (shapeshifter)
  2 centaur zombies
  6 fire giant skeletons (Crypt:3)
  12 merfolk sirens
  19 oklob plants
  23 manticores
  A toenail golem (Volcano)
  A spectral centaur (Tar:2)
  16 moths of wrath
  An eye of devastation (shapeshifter) (Vaults:5)
  An iron dragon skeleton (Zig:14)
  6 elephants
  Joseph (D:9)
  16 vault sentinels
  11 black mambas
  A guardian serpent (Zig:15)
  21 torpor snails
  7 rust devils
  2 dire elephant zombies
  3 apocalypse crabs
  2 titan simulacra
  8 ice statues
  16 orange demons
  32 smoke demons
  3 eyes of devastation
  Maggie (D:9)
  7 naga magi
  2 storm dragon simulacra
  15 water nymphs
  2 molten gargoyles
  32 large abominations
  4 unseen horrors
  19 cane toads
  An orc skeleton (Tomb:2)
  A catoblepas zombie (Tomb:2)
  11 gargoyles
  59 hellions
  52 yaktaurs
  9 efreet
  4 centaur skeletons
  A rime drake (shapeshifter) (D:15)
  3 dire elephant skeletons
  2 iron giant simulacra (Coc:3)
  8 komodo dragons
  3 bunyip simulacra
  4 kobold demonologists
  5 ice devils
  5 ancient zymes
  3 anaconda simulacra
  3 rime drakes
  5 spectral harpies
  A golden dragon simulacrum (Zig:14)
  5 freezing wraiths
  5 tengu conjurers
  27 tormentors
  A hydra zombie (Tomb:1)
  9 red devils
  5 polar bears
  2 silent spectres
  A green draconian skeleton (Crypt:2)
  A human skeleton (Vaults:4)
  30 merfolk
  73 guardian mummies
  11 hellwings
  4 harpy skeletons
  20 trolls
  5 meliai
  A queen bee (shapeshifter) (D:14)
  18 wind drakes
  14 hornets
  40 tarantellas
  A shadow dragon simulacrum (Hell)
  A tengu simulacrum (Depths:3)
  A wind drake (shapeshifter) (Depths:1)
  18 blink frogs
  Prince Ribbit (D:7)
  A guardian serpent zombie (Crypt:1)
  20 snapping turtles
  5 stone giant simulacra
  5 tyrant leeches
  11 dream sheep
  2 raiju
  A boulder beetle zombie (Crypt:2)
  13 glass eyes
  An iron dragon simulacrum (Coc:3)
  A dream sheep (shapeshifter) (Vaults:5)
  A merfolk zombie (Crypt:3)
  37 jumping spiders
  42 flying skulls
  18 water elementals
  An elf zombie (Vaults:4)
  131 slime creatures
  4 air elementals
  A spectral black mamba (Tar:1)
  17 ynoxinuls
  33 culicivoras
  5 vampires
  7 wraiths
  44 yaks
  A deep troll skeleton (Vaults:4)
  9 dire elephant simulacra
  5 shadows (Crypt:3)
  10 fire dragon skeletons (Crypt:3)
  7 fire bats
  36 ushabtiu
  5 basilisks
  2 wyverns
  5 golden eyes
  13 fire elementals
  A hog (shapeshifter) (Elf:1)
  24 neqoxecs
  54 redbacks
  40 chaos spawn
  2 steam dragons
  A redback simulacrum (D:15)
  6 vampire mosquitoes
  Menkaure (D:5)
  13 wargs
  A yaktaur simulacrum (Vaults:4)
  A glowing shapeshifter zombie (Zig:14)
  17 harpy simulacra
  3 human simulacra
  4 nagas
  2 hydra simulacra
  9 hell hounds
  2 acid dragons
  16 water moccasins
  106 orc warriors
  2 sky beasts
  A two-headed ogre skeleton (Crypt:1)
  A swamp drake (Zig:15)
  A black bear (D:8)
  5 ice beasts
  2 elephant zombies (Lair:5)
  4 ettin simulacra
  16 wolves
  38 ogres
  2 small abominations
  A blink frog skeleton (Crypt:2)
  5 boggarts
  9 centaurs
  A lemure (D:7)
  A vine stalker zombie (Crypt:2)
  6 kobold brigands
  3 scorpions
  19 bullfrogs
  A glowing shapeshifter simulacrum (Zig:14)
  14 earth elementals
  A naga simulacrum (Coc:3)
  14 wights
  A shapeshifter zombie (Crypt:2)
  An elephant simulacrum (Lair:5)
  A shapeshifter skeleton (Crypt:1)
  10 howler monkeys
  6 electric eels
  4 hounds
  A quasit (Pan)
  Crazy Yiuf (D:2)
  4 iron imps
  20 jellies
  2 gnoll boudas
  43 orc priests
  2 sleepcaps
  Jessica (D:2)
  3 iguanas
  23 orc wizards
  6 lightning spires
  2 naga zombies
  An acid dragon skeleton (Crypt:2)
  4 naga skeletons
  An ogre skeleton (Crypt:2)
  79 mummies
  13 gnolls
  5 adders
  3 white imps
  2 ufetubi (Abyss:2)
  2 worms
  A dart slug (D:4)
  97 orcs
  6 bats
  16 endoplasms
  3 giant cockroaches
  15 goblins
  8 hobgoblins
  3 jackals (D:3)
  4 quokkas
  6 ball pythons
  2 frilled lizards (D:1)
  25 kobolds
  10 rats
  3 ball lightnings (Pan)
  5 creeping infernos
  A fire vortex (Hell)
  A tentacle (Shoals:2)
5130 creatures vanquished.

Vanquished Creatures (collateral kills)
  2 tentacled monstrosities
  An ancient champion (Zig:26)
  A rockslime (Slime:5)
  A fire giant (Depths:4)
  2 frost giants
  An ironbound preserver (Vaults:4)
  2 cacodemons
  3 ghouls
  A stone giant (Depths:3)
  A very ugly thing (Depths:4)
  A white draconian (Zot:5)
  A lorocyproca (Pan)
  A demonspawn black sun (Zig:15)
  A dire elephant (Vaults:1)
  An eidolon (Zig:27)
  A spriggan zombie (Zig:3)
  An ice dragon (Depths:4)
  An occultist (Pan)
  An ugly thing (Depths:3)
  A manticore (Zig:14)
  A vault sentinel (Vaults:5)
  3 water nymphs
  A yaktaur (Vaults:2)
  2 slime creatures (Slime:3)
  A water elemental (Shoals:1)
  A golden eye (Slime:5)
  A redback (Spider:4)
  A vampire mosquito (Zig:12)
  An orc warrior (D:14)
  A two-headed ogre skeleton (Crypt:2)
  4 starcursed masses (Zig:19)
  6 mummies
  An adder (D:5)
  An orc (Vaults:5)
50 creatures vanquished.

Vanquished Creatures (others)
  the Royal Jelly (Slime:5)
  A titan (Pan)
  A searing wretch (Hell)
  An eldritch tentacle (Pan)
  A shard shrike simulacrum (Coc:7)
  A deep elf annihilator (Pan)
  2 bloated husks (Zig:12)
  A wind drake (Pan)
  A yak (D:9)
  A gnoll (Bailey)
  3 ball lightnings (Pan)
  998 fire vortices
  5 foxfires
  2 starspawn tentacles (Zig:19)
  7 tentacles (Shoals:2)
1026 creatures vanquished.

Grand Total: 6206 creatures vanquished

Notes
Turn   | Place    | Note
-------+----------+-------------------------------------------
     0 | D:1      | PurpleRed the Tengu Reaver began the quest for the Orb.
     0 | D:1      | Reached XP level 1. HP: 12/12 MP: 4/4
    18 | D:1      | You fall into a shaft and drop 1 floor!
   374 | D:1      | Reached XP level 2. HP: 15/17 MP: 6/6
   380 | D:1      | Learned a level 2 spell: Momentum Strike
   737 | D:2      | Found a runed translucent door.
   738 | D:2      | Noticed Crazy Yiuf
   966 | D:2      | Reached XP level 3. HP: 21/21 MP: 7/7
  1030 | D:2      | Reached skill level 5 in Conjurations
  1084 | D:2      | Noticed Jessica
  1093 | D:2      | Killed Jessica
  1239 | D:2      | Found Ismisun's Antique Armour Boutique.
  1295 | D:2      | Reached XP level 4. HP: 26/26 MP: 5/8
  1624 | D:2      | Reached skill level 1 in Translocations
  1716 | D:2      | Learned a level 3 spell: Hailstorm
  2115 | D:3      | Identified the +2 robe of Qywnem {Dex+3}
  2341 | D:3      | Found a faded altar of an unknown god.
  2505 | D:3      | Reached XP level 5. HP: 30/30 MP: 10/10
  3032 | D:4      | Reached skill level 1 in Ice Magic
  3057 | D:4      | Found a basalt altar of Yredelemnul.
  3063 | D:4      | Found a broken altar of Ashenzari.
  3067 | D:4      | Found a snail-covered altar of Cheibriados.
  3069 | D:4      | Found a sparkling altar of Nemelex Xobeh.
  3575 | D:5      | Entered Level 5 of the Dungeon
  3625 | D:5      | Reached XP level 6. HP: 35/35 MP: 6/12
  3999 | D:5      | Gained mutation: Your magical flight helps you evade
                  | attacks. (EV +4) [Tengu growth]
  3999 | D:5      | Reached XP level 7. HP: 40/40 MP: 6/14
  4532 | D:5      | Found a white marble altar of Elyvilon.
  4819 | D:6      | Learned a level 5 spell: Irradiate
  5007 | D:6      | Noticed Menkaure
  5054 | D:5      | Reached skill level 10 in Conjurations
  5054 | D:5      | Reached skill level 1 in Transmutations
  5054 | D:5      | Reached XP level 8. HP: 38/42 MP: 7/16
  5164 | D:5      | Killed Menkaure
  5165 | D:5      | Reached skill level 5 in Spellcasting
  5672 | D:7      | Noticed Prince Ribbit
  5681 | D:7      | Killed Prince Ribbit
  5780 | D:7      | Learned a level 2 spell: Blink
  5917 | D:7      | Reached XP level 9. HP: 47/48 MP: 15/18
  6119 | D:7      | Found a staircase to the Ecumenical Temple.
  6205 | Temple   | Entered the Ecumenical Temple
  6239 | Temple   | Became a worshipper of Vehumet
  6585 | D:7      | Noticed Pikel
  6590 | D:7      | Killed Pikel
  6798 | D:8      | Found an ancient bone altar of Kikubaaqudgha.
  6818 | D:8      | Found a shimmering blue altar of Sif Muna.
  6936 | D:8      | Found a flagged portal.
  7054 | Bailey   | Entered a bailey
  7075 | Bailey   | Reached * piety under Vehumet
  7075 | Bailey   | Offered knowledge of Freeze by Vehumet.
  7312 | Bailey   | Noticed an orc knight
  7317 | Bailey   | Killed an orc knight
  7318 | Bailey   | Reached XP level 10. HP: 45/53 MP: 4/22
  7733 | Bailey   | Reached skill level 15 in Conjurations
  7955 | Bailey   | Reached ** piety under Vehumet
  8034 | Bailey   | Acquired the amulet "Ydaann" {Reflect Harm MP+9 Dex+3 SH+5}
  8064 | Bailey   | Found an iron altar of Okawaru.
  8066 | Bailey   | Noticed a kobold demonologist
  8066 | Bailey   | Noticed a kobold demonologist
  8085 | Bailey   | Offered knowledge of Shock by Vehumet.
  8089 | Bailey   | Killed a kobold demonologist
  8090 | Bailey   | Killed a kobold demonologist
  8506 | D:8      | Learned a level 6 spell: Bombard
  8959 | D:8      | Offered knowledge of Mephitic Cloud by Vehumet.
  8994 | D:8      | Reached skill level 1 in Earth Magic
  9017 | D:8      | Reached *** piety under Vehumet
  9310 | D:9      | Noticed a two-headed ogre
  9320 | D:9      | Killed a two-headed ogre
  9321 | D:9      | Reached XP level 11. HP: 60/60 MP: 12/24
  9333 | D:9      | Noticed Joseph
  9430 | D:9      | Killed Joseph
  9719 | D:9      | Offered knowledge of Sticky Flame by Vehumet.
  9721 | D:9      | Noticed Maggie
  9814 | D:9      | Found a staircase to the Lair.
 10161 | D:9      | Killed Maggie
 10217 | D:9      | Learned a level 4 spell: Olgreb's Toxic Radiance
 10250 | D:9      | Noticed Harold
 10255 | D:9      | Killed Harold
 10256 | D:9      | Reached skill level 1 in Fire Magic
 10294 | D:10     | Entered Level 10 of the Dungeon
 11090 | D:10     | Reached **** piety under Vehumet
 11092 | D:10     | Noticed Fannar
 11182 | D:10     | Noticed Sonja
 11195 | D:10     | Killed Sonja
 11332 | D:10     | Noticed an oklob plant
 11353 | D:10     | Noticed Nergalle
 11406 | D:10     | Killed Fannar
 11406 | D:10     | Offered knowledge of Volatile Blastmotes by Vehumet.
 11407 | D:10     | Reached skill level 1 in Poison Magic
 11511 | D:10     | Reached XP level 12. HP: 66/66 MP: 26/26
 11565 | D:10     | Found Houdauc's Armour Shoppe.
 11566 | D:10     | Found a staircase to the Orcish Mines.
 11572 | D:10     | Bought a +0 cloak for 63 gold pieces
 11610 | D:10     | Killed Nergalle
 12276 | D:10     | Bought a +3 leather armour of willpower for 336 gold pieces
 12293 | D:11     | Found Wuepo's General Store.
 12299 | D:11     | Bought a scroll of fog for 44 gold pieces
 12422 | D:11     | Upgraded the game from 0.31-a0-1074-g0b22e4e to
                  | 0.31-a0-1082-g7d1fb77
 12653 | D:11     | Reached ***** piety under Vehumet
 12663 | D:11     | Offered knowledge of Iskenderun's Mystic Blast by Vehumet.
 12675 | D:11     | Learned a level 4 spell: Iskenderun's Mystic Blast
 12691 | D:11     | Reached skill level 10 in Spellcasting
 12878 | D:11     | Noticed a two-headed ogre
 12881 | D:11     | Killed a two-headed ogre
 12882 | D:11     | Reached skill level 5 in Fire Magic
 13255 | D:11     | Noticed a two-headed ogre
 13258 | D:11     | Killed a two-headed ogre
 13924 | D:11     | Reached XP level 13. HP: 70/70 MP: 13/28
 14279 | D:12     | Found a runed translucent door.
 14291 | D:12     | Noticed a spark wasp
 14292 | D:12     | Noticed a spark wasp
 14294 | D:12     | Found a runed translucent door.
 14294 | D:12     | Found the +5 Storm Queen's Shield {shock, Fly rElec}
 14295 | D:12     | Found a runed translucent door.
 14533 | D:12     | Found Eseotaf's Assorted Antiques.
 14539 | D:12     | Bought a scroll labelled PAEDIH KETTA for 37 gold pieces
 14539 | D:12     | Bought a scroll labelled NEALLI SAREMU for 37 gold pieces
 14740 | D:12     | Found Askatiod's Assorted Antiques.
 14754 | D:12     | Found a runed translucent door.
 14756 | D:12     | Noticed a storm dragon
 15191 | Lair:1   | Entered Level 1 of the Lair of Beasts
 15447 | Lair:2   | Offered knowledge of Eringya's Noxious Bog by Vehumet.
 15618 | Lair:2   | Found a dark tunnel.
 15703 | Volcano  | Entered a volcano
 16600 | Lair:2   | Found a hole to the Spider Nest.
 17132 | Lair:1   | Reached XP level 14. HP: 76/76 MP: 23/30
 17418 | Lair:1   | Offered knowledge of Starburst by Vehumet.
 18056 | Lair:3   | Reached skill level 10 in Fire Magic
 18689 | Lair:3   | Found a staircase to the Shoals.
 19296 | Lair:4   | Noticed Snorg
 19299 | Lair:4   | Killed Snorg
 19851 | Lair:5   | Entered Level 5 of the Lair of Beasts
 20785 | Lair:5   | Offered knowledge of Plasma Beam by Vehumet.
 21042 | Lair:5   | Learned a level 6 spell: Plasma Beam
 21051 | Lair:5   | Found a staircase to the Slime Pits.
 21051 | Lair:5   | Found a viscous altar of Jiyva.
 21227 | Lair:5   | Reached skill level 1 in Air Magic
 21588 | Lair:5   | Noticed a dire elephant
 21589 | Lair:5   | Noticed a dire elephant
 21589 | Lair:5   | Noticed a dire elephant
 21589 | Lair:5   | Noticed a dire elephant
 21593 | Lair:5   | Noticed a dire elephant
 21603 | Lair:5   | Killed a dire elephant
 21604 | Lair:5   | Reached XP level 15. HP: 80/80 MP: 13/33
 21813 | Lair:5   | Reached skill level 5 in Dodging
 21945 | Lair:5   | Reached skill level 5 in Fighting
 22235 | Lair:5   | Learned a level 8 spell: Ignition
 24295 | Orc:1    | Entered Level 1 of the Orcish Mines
 24299 | Orc:1    | Noticed Jorgrun
 24306 | Orc:1    | Killed Jorgrun
 24714 | Orc:2    | Entered Level 2 of the Orcish Mines
 24895 | Orc:1    | Offered knowledge of Fireball by Vehumet.
 25853 | Orc:2    | Found Talem's General Store.
 25854 | Orc:2    | Found Taitetar's General Store.
 26279 | Orc:2    | Reached skill level 15 in Spellcasting
 26286 | Orc:2    | Learned a level 5 spell: Fireball
 26325 | Orc:2    | Found Qaviejog's Antique Weapon Emporium.
 26325 | Orc:2    | Found Isuydel's Jewellery Shoppe.
 26326 | Orc:2    | Found a one-way gate leading to the halls of Pandemonium.
 26343 | Orc:2    | Bought the ring of the Mage {Wiz Archmagi} for 867 gold
                  | pieces
 26343 | Orc:2    | Found the ring of the Mage {Wiz Archmagi}
 26519 | Orc:2    | Found a staircase to the Elven Halls.
 26684 | Elf:1    | Entered Level 1 of the Elven Halls
 26734 | Elf:1    | Reached XP level 16. HP: 88/88 MP: 36/36
 27192 | Elf:1    | Reached skill level 15 in Fire Magic
 27505 | Elf:1    | Offered knowledge of Ozocubu's Refrigeration by Vehumet.
 27694 | Elf:1    | Found a runed translucent gate.
 27694 | Elf:1    | Found a runed translucent gate.
 27696 | Elf:1    | Found a runed translucent gate.
 27698 | Elf:1    | Noticed Tiaqy's ghost (adept HuSh)
 27698 | Elf:1    | Noticed Tofew's ghost (journeyman BaBe)
 27698 | Elf:1    | Noticed Ulem's ghost (adept MiBe)
 28872 | Elf:2    | Found a runed translucent gate.
 28883 | Elf:2    | Found a runed translucent gate.
 28883 | Elf:2    | Found a runed translucent gate.
 28981 | Elf:3    | Entered Level 3 of the Elven Halls
 29568 | Elf:3    | Found Bomaatzi's Antique Armour Emporium.
 30075 | Elf:3    | Reached XP level 17. HP: 66/93 MP: 33/37
 30427 | Elf:3    | Noticed a deep elf blademaster
 30441 | Elf:3    | Killed a deep elf blademaster
 30698 | Elf:3    | Identified the +2 robe "Raolaoxe" {Will+ Regen+ rCorr
                  | Int-4}
 30713 | Elf:3    | Noticed a deep elf master archer
 30721 | Elf:3    | Killed a deep elf master archer
 30828 | Elf:3    | Identified the ring "Isos" {rC+ Int+4}
 30895 | Elf:3    | Noticed a deep elf blademaster
 30897 | Elf:3    | Killed a deep elf blademaster
 30920 | Elf:3    | Identified the staff of the Wasteland {rF+ rCorr Earth}
 30952 | Elf:3    | Noticed a deep elf master archer
 30954 | Elf:3    | Killed a deep elf master archer
 31200 | Elf:3    | Got Ticed's Papyrus of Smouldering Contamination
 31377 | Elf:3    | Acquired 995 gold pieces
 31379 | Elf:3    | Acquired 1101 gold pieces
 31387 | Elf:3    | Acquired the +2 pair of gloves of Teobb {Contam +Blink
                  | Str+8 Int+4}
 31706 | D:12     | Bought the sphere of Battle for 2960 gold pieces
 31706 | D:12     | Found the sphere of Battle
 31864 | Spider:1 | Entered Level 1 of the Spider Nest
 31872 | Spider:1 | Noticed Azrael
 31874 | Spider:1 | Offered knowledge of Spellforged Servitor by Vehumet.
 31875 | Spider:1 | Killed Azrael
 32074 | Spider:1 | Reached ****** piety under Vehumet
 32111 | Spider:1 | Identified the +0 robe "Yllon" {rN+ rCorr Int-3}
 32940 | Spider:2 | Reached XP level 18. HP: 103/103 MP: 38/38
 32942 | Spider:2 | Offered knowledge of Fire Storm by Vehumet.
 32942 | Spider:2 | Offered knowledge of Shatter by Vehumet.
 32942 | Spider:2 | Offered knowledge of Chain Lightning by Vehumet.
 34403 | Spider:3 | Noticed Mlioglotl
 34407 | Spider:3 | Killed Mlioglotl
 35275 | Spider:3 | Learned a level 9 spell: Fire Storm
 35276 | Spider:4 | Entered Level 4 of the Spider Nest
 35733 | Spider:4 | Learned a level 2 spell: Sublimation of Blood
 35808 | Spider:4 | Noticed Arachne
 35811 | Spider:4 | Killed Arachne
 36296 | Spider:4 | Identified the +3 short sword of Koeroet {elec, rElec rCorr
                  | Int+3}
 36315 | Spider:4 | Reached skill level 1 in Armour
 36382 | Spider:4 | Got a gossamer rune of Zot
 36385 | Spider:4 | Identified the +0 hat of Summertime {rN+ Int+2 Dex+3}
 36599 | Spider:4 | Reached XP level 19. HP: 108/108 MP: 41/42
 36815 | Shoals:1 | Entered Level 1 of the Shoals
 36984 | Orc:2    | Bought a +2 cloak of stealth for 301 gold pieces
 36984 | Orc:2    | Bought a potion of curing for 42 gold pieces
 37258 | Shoals:1 | Identified the serpent talisman of Qucante {Str+2}
 37258 | Shoals:1 | Noticed Aizul
 37259 | Shoals:1 | Killed Aizul
 37672 | Shoals:1 | Identified the +2 animal skin of Atroutwo {Rampage rC-
                  | SInv}
 37715 | Shoals:2 | Noticed dontdoit's ghost (adept GrFi)
 37715 | Shoals:2 | Noticed Wecaes's ghost (journeyman HOFE)
 37715 | Shoals:2 | Found a runed translucent gate.
 37715 | Shoals:2 | Found a runed translucent gate.
 37715 | Shoals:2 | Found a runed translucent gate.
 37823 | Shoals:2 | Killed Wecaes's ghost
 37824 | Shoals:2 | Killed dontdoit's ghost
 37833 | Shoals:2 | Identified the ring "Ronnamor" {Wiz Dex+3 Stlth+}
 38659 | Shoals:3 | Found a hide-covered altar of Uskayaw.
 39110 | Shoals:3 | Reached skill level 5 in Armour
 39354 | Shoals:4 | Entered Level 4 of the Shoals
 39670 | Shoals:4 | Reached skill level 10 in Dodging
 39670 | Shoals:4 | Reached skill level 1 in Necromancy
 39710 | Shoals:4 | Reached XP level 20. HP: 116/117 MP: 43/43
 39713 | Shoals:4 | Noticed Polyphemus
 39715 | Shoals:4 | Killed Polyphemus
 39780 | Shoals:4 | Got the Compendium of Quantum Metal
 39783 | Shoals:4 | Got Amittexo's Almanac of the Curse and Lithomancy
 39807 | Shoals:4 | Reached skill level 10 in Fighting
 39812 | Shoals:4 | Identified the +5 orcbow "Eqiklo Puhyk" {speed, Int+2}
 39817 | Shoals:4 | Got a barnacled rune of Zot
 40345 | Slime:1  | Entered Level 1 of the Pits of Slime
 40373 | Slime:2  | Reached skill level 5 in Necromancy
 40766 | Slime:4  | Learned a level 9 spell: Chain Lightning
 40976 | Slime:5  | Entered Level 5 of the Pits of Slime
 41005 | Slime:5  | Reached skill level 5 in Air Magic
 41010 | Slime:5  | Noticed the Royal Jelly
 41012 | Slime:5  | Killed the Royal Jelly
 41013 | Slime:5  | Reached XP level 21. HP: 115/123 MP: 32/45
 41151 | Slime:5  | Got the Octavo of Haze and the Syncline
 41153 | Slime:5  | Identified the +5 short sword "Jeguut" {heavy, rC+ Will+
                  | Int-3}
 41167 | Slime:5  | Identified the +1 leather armour of Qakunt {Regen+ Str-2
                  | Dex+4}
 41176 | Slime:5  | Got a slimy rune of Zot
 41185 | Slime:5  | Identified the ring "Xutipi" {+Blink rElec rC+ Str-4 Int+8
                  | Slay+5}
 41188 | Slime:5  | Identified the ring of Immorality {Fly rN+ SInv Stlth+}
 41197 | Slime:5  | Identified the +0 pair of boots of Uzuy {-Cast rF++ rC+
                  | Str+2}
 41209 | Slime:5  | Identified the amulet "Afyuf" {RegenMP Rampage *Corrode
                  | Str+3}
 41227 | Slime:5  | Got Loepiecs's Directory of Damaging Modification
 41232 | Slime:5  | Identified the +1 robe of Broken Taboos {MP+9}
 41632 | Elf:1    | Killed Tofew's ghost
 41633 | Elf:1    | Killed Tiaqy's ghost
 41634 | Elf:1    | Killed Ulem's ghost
 42262 | D:14     | Found a gate to the Vaults.
 42443 | D:14     | Noticed Rupert
 42444 | D:14     | Killed Rupert
 42687 | D:15     | Entered Level 15 of the Dungeon
 43093 | D:15     | Found a staircase to the Depths.
 43183 | D:15     | Noticed Nessos
 43184 | D:15     | Killed Nessos
 43390 | D:15     | Found a basalt altar of Yredelemnul.
 43890 | Vaults:1 | Entered Level 1 of the Vaults
 44228 | Vaults:1 | Found a runed translucent door.
 44228 | Vaults:1 | Found a shimmering altar of Xom.
 44228 | Vaults:1 | Noticed crisisinutopia's ghost (adept MiFi)
 44237 | Vaults:1 | Killed crisisinutopia's ghost
 44373 | Vaults:1 | Reached skill level 10 in Air Magic
 44629 | Vaults:1 | Reached skill level 1 in Evocations
 44858 | Vaults:1 | Reached XP level 22. HP: 132/132 MP: 47/47
 45507 | Vaults:2 | You are sucked into a shaft and drop 2 floors!
 45675 | Vaults:4 | Identified the +1 ring mail "Nireim" {rElec rN++ Regen+
                  | Int-4}
 45850 | Vaults:3 | Found a magical portal.
 45855 | WizLab   | Entered Maxwell's Workshop
 45908 | WizLab   | Identified the ring of Fykobb {Fire rElec Dex+4}
 46021 | WizLab   | Reached skill level 15 in Air Magic
 46243 | WizLab   | Identified the ring "Neewusk" {Fire rCorr Dex+2 SInv}
 46357 | WizLab   | Identified the +4 mace of the Equator {drain, rPois rCorr
                  | Int-2 Dex+5}
 46370 | WizLab   | Found the +5 scythe "Finisher" {speed, execute}
 46657 | Vaults:3 | Upgraded the game from 0.31-a0-1082-g7d1fb77 to
                  | 0.31-a0-1083-g4fe0c3d
 47092 | Vaults:2 | Found a staircase to the Crypt.
 47924 | Vaults:3 | Reached XP level 23. HP: 139/139 MP: 48/48
 49010 | Vaults:4 | Got the Quarto of Diablerie
 49309 | Vaults:5 | Entered Level 5 of the Vaults
 49365 | Vaults:5 | Noticed a golden dragon
 49379 | Vaults:5 | Killed a golden dragon
 49391 | Vaults:5 | Noticed a golden dragon
 49393 | Vaults:5 | Killed a golden dragon
 49434 | Vaults:5 | Reached skill level 10 in Armour
 49435 | Vaults:5 | Noticed a golden dragon
 49439 | Vaults:5 | Killed a golden dragon
 49440 | Vaults:5 | Noticed a dread lich
 49441 | Vaults:5 | Killed a dread lich
 49463 | Vaults:5 | Reached skill level 5 in Earth Magic
 49478 | Vaults:5 | Found Bayrchua's Antique Armour Boutique.
 49496 | Vaults:5 | Reached XP level 24. HP: 148/148 MP: 47/48
 49505 | Vaults:5 | Bought a bloodstained leather armour for 196 gold pieces
 49505 | Vaults:5 | Identified the +0 leather armour of Ru's Vengeance {*Slow
                  | rElec SInv} (You bought it in a shop on level 5 of the
                  | Vaults)
 49530 | Vaults:5 | Found Qull's Antique Armour Shoppe.
 49720 | Vaults:5 | Noticed Mara
 49722 | Vaults:5 | Killed Mara
 49795 | Vaults:5 | Identified the +7 glaive of Dim Light {drain, Int+3}
 49799 | Vaults:5 | Identified the ring of the Rescuing Messenger {Wiz rC+
                  | Str+6 Dex-2}
 49994 | Vaults:5 | Got a silver rune of Zot
 50157 | Vaults:5 | Identified the +1 robe "Gethrosch" {Dex+2}
 50595 | Crypt:1  | Entered Level 1 of the Crypt
 50696 | Crypt:1  | Noticed Frederick
 50698 | Crypt:1  | Killed Frederick
 50823 | Crypt:1  | Found a huge runed translucent gate.
 50823 | Crypt:1  | Found a huge runed translucent gate.
 50824 | Crypt:1  | Found a huge runed translucent gate.
 50824 | Crypt:1  | Found a huge runed translucent gate.
 50824 | Crypt:1  | Found a huge runed translucent gate.
 50824 | Crypt:1  | Found a huge runed translucent gate.
 50825 | Crypt:1  | Found a huge runed translucent gate.
 50825 | Crypt:1  | Found a huge runed translucent gate.
 50825 | Crypt:1  | Found a huge runed translucent gate.
 51806 | Crypt:2  | Found a corrupted altar of Lugonu.
 52525 | Crypt:3  | Entered Level 3 of the Crypt
 52918 | Crypt:3  | Found the ring of the Octopus King
 52928 | Crypt:3  | Identified a ring of the Octopus King {rCorr HP+2 AC+2 EV+2
                  | SH+2}
 52929 | Crypt:3  | Identified the ring of Casyxiw {+Blink rN+ Dex+3}
 52929 | Crypt:3  | Identified the ring "Pocahab" {rElec rC+ rN+ Str+2 Int+3}
 52929 | Crypt:3  | Identified the ring "Yqoef" {+Blink rF- rN+ Int+3}
 53030 | Crypt:3  | Reached skill level 10 in Earth Magic
 53031 | Crypt:3  | Reached XP level 25. HP: 154/154 MP: 48/48
 53106 | Crypt:3  | Found a staircase to the Tomb.
 53129 | Crypt:3  | Found the +9 scales of the Dragon King {rPois rF+ rC+
                  | Will+}
 53173 | Crypt:3  | Noticed a dread lich
 53176 | Crypt:3  | Killed a dread lich
 53177 | Crypt:3  | Reached skill level 15 in Fighting
 53271 | Crypt:3  | Identified the ring "Gysyc" {+Blink rN+ Will- rCorr SInv}
 53799 | Crypt:3  | Found an ancient bone altar of Kikubaaqudgha.
 53807 | Crypt:3  | Killed a dread lich
 53859 | Crypt:3  | Identified the +4 bardiche "Abusis" {speed, Str+6}
 54389 | Depths:1 | Entered Level 1 of the Depths
 54560 | Depths:1 | Identified the +2 quarterstaff of Empuacs {antimagic, Will+
                  | Dex+2}
 54623 | Depths:1 | Learned a level 9 spell: Shatter
 54711 | Depths:2 | Found a one-way gate to the infinite horrors of the Abyss.
 55200 | Depths:2 | Found a gateway to Hell.
 55200 | Depths:2 | Noticed Asterion
 55201 | Depths:2 | Killed Asterion
 55665 | Depths:1 | Found a one-way gateway to a ziggurat.
 55681 | Depths:1 | Found Ican's Armour Shop.
 55697 | Depths:1 | Bought the +0 cloak of the Bells {Int+6} for 530 gold
                  | pieces
 55818 | Depths:1 | Identified the +4 scale mail "Xouj" {MP+9 Str+3}
 55999 | Depths:1 | Found a blossoming altar of Fedhas.
 56678 | Depths:3 | Noticed Grunn
 56680 | Depths:3 | Killed Grunn
 56823 | Depths:3 | Noticed Norris
 56887 | Depths:3 | Killed Norris
 57074 | Depths:3 | Noticed an ancient lich
 57076 | Depths:3 | Noticed Xtahua
 57077 | Depths:3 | Killed an ancient lich
 57078 | Depths:3 | Reached XP level 26. HP: 164/164 MP: 46/49
 57080 | Depths:3 | Killed Xtahua
 57253 | Depths:3 | Found the +6 Majin-Bo {spellvamp, MP+6 Int+6}
 57613 | Depths:4 | Entered Level 4 of the Depths
 57729 | Depths:4 | Found a shimmering altar of Xom.
 57730 | Depths:4 | Found a shimmering altar of Xom.
 57730 | Depths:4 | Found a shimmering altar of Xom.
 57731 | Depths:4 | Found a shimmering altar of Xom.
 57733 | Depths:4 | Found a shimmering altar of Xom.
 57952 | Depths:4 | Noticed Jory
 57956 | Depths:4 | Killed Jory
 58259 | Depths:4 | Found a gate to the Realm of Zot.
 58639 | Depths:4 | Found an opulent altar of Gozag.
 58871 | Zig:1    | Entered Level 1 of a ziggurat
 58885 | Zig:2    | Entered Level 2 of a ziggurat
 58903 | Zig:3    | Entered Level 3 of a ziggurat
 58921 | Zig:4    | Entered Level 4 of a ziggurat
 58939 | Zig:5    | Entered Level 5 of a ziggurat
 59005 | Zig:5    | Identified the ring "Waufaok" {MP+9 Int+3 Dex+2}
 59010 | Zig:6    | Entered Level 6 of a ziggurat
 59050 | Zig:7    | Entered Level 7 of a ziggurat
 59082 | Zig:7    | Identified the staff of the Riding Spider {+Blink rF+ Dex+7
                  | Fire}
 59088 | Zig:7    | Identified the amulet of Vohuuc {RegenMP rF- Will+ Stlth+}
 59142 | Zig:8    | Entered Level 8 of a ziggurat
 59163 | Zig:8    | Found the amulet of Vitality {RegenMP++ Regen++}
 59188 | Zig:8    | Identified the +4 war axe of Feot {venom, *Corrode Dex+6
                  | SInv Stlth+}
 59205 | Zig:9    | Entered Level 9 of a ziggurat
 59237 | Zig:9    | Identified the +4 great sword of the Enchanted Forest
                  | {freeze, Will+}
 59240 | Zig:10   | Entered Level 10 of a ziggurat
 59245 | Zig:10   | Noticed a Killer Klown
 59245 | Zig:10   | Noticed Wosuts the pandemonium lord
 59246 | Zig:10   | Noticed a Killer Klown
 59247 | Zig:10   | Killed a Killer Klown
 59248 | Zig:10   | Killed Wosuts the pandemonium lord
 59249 | Zig:10   | Killed a Killer Klown
 59251 | Zig:10   | Noticed a Killer Klown
 59251 | Zig:10   | Found the +3 pair of gauntlets of War {Slay+5}
 59252 | Zig:10   | Killed a Killer Klown
 59263 | Zig:10   | Identified the +1 trident of Doclix {venom, rCorr Int+3
                  | SInv}
 59265 | Zig:10   | Identified the staff "Enez" {rF+ rC+ Str+2 Stlth+ Ice}
 59272 | Zig:10   | Reached XP level 27. HP: 172/172 MP: 50/50
 59275 | Zig:11   | Entered Level 11 of a ziggurat
 59281 | Zig:11   | Noticed a juggernaut
 59281 | Zig:11   | Noticed a juggernaut
 59284 | Zig:11   | Killed a juggernaut
 59285 | Zig:11   | Killed a juggernaut
 59287 | Zig:11   | Reached skill level 15 in Earth Magic
 59318 | Zig:11   | Identified the +5 long sword "Ogrebane" {flame, Will+}
 59320 | Zig:11   | Identified the +5 great sword of Circularity {freeze,
                  | Fragile Fly rPois Str+4}
 59328 | Zig:11   | Identified the +0 pair of boots of Past Mistakes {rN+ Will-
                  | Regen+ Int+4}
 59333 | Zig:12   | Entered Level 12 of a ziggurat
 59371 | Zig:12   | Identified the +5 broad axe of World's End {drain, Fragile
                  | rN+ Int+5}
 59390 | Zig:12   | Got the Elucidation of the Destined Flock
 59407 | Zig:13   | Entered Level 13 of a ziggurat
 59415 | Zig:13   | Noticed a dread lich
 59416 | Zig:13   | Killed a dread lich
 59428 | Zig:13   | Identified the +9 scale mail of Uroplefe {Stlth+}
 59454 | Zig:13   | Identified the +5 spear "Ledas" {vamp, rN++}
 59462 | Zig:14   | Entered Level 14 of a ziggurat
 59509 | Zig:14   | Identified the +5 dagger of Kicou {antimagic, Dex+2}
 59513 | Zig:14   | Identified the +4 falchion "Ximigi" {antimagic, *Noise
                  | Int+3 Stlth+}
 59526 | Zig:15   | Entered Level 15 of a ziggurat
 59539 | Zig:15   | Reached skill level 5 in Shapeshifting
 59567 | Zig:15   | Identified the +6 rapier "Toang" {flame, Contam Int+3
                  | Dex+5}
 59569 | Zig:15   | Identified the ring "Etogopro" {rF+ Dex+2}
 59584 | Zig:15   | Identified the ring "Maeskeuk" {Fly Will+ Str-5 Int+9}
 59589 | Zig:15   | Identified the +7 dagger of Lust {freeze, Int-3 Dex+4}
 59595 | Zig:16   | Entered Level 16 of a ziggurat
 59631 | Zig:16   | Noticed a dread lich
 59632 | Zig:16   | Killed a dread lich
 59637 | Zig:16   | Reached skill level 10 in Shapeshifting
 59679 | Zig:16   | Found the +2 cloak of the Thief {*Fog Slay-2 SInv Stlth+}
 59696 | Zig:16   | Identified the +0 chain mail "Qunaren" {Regen+}
 59699 | Zig:16   | Identified the +0 chain mail of Monotheism {Harm}
 59717 | Zig:17   | Entered Level 17 of a ziggurat
 59781 | Zig:17   | Identified the ring of Gopeloe {Fire rPois Will+ rCorr
                  | Str-4}
 59794 | Zig:17   | Identified the +1 plate armour of the First Geomancers
                  | {SInv}
 59810 | Zig:18   | Entered Level 18 of a ziggurat
 59869 | Zig:18   | Identified the +3 ring mail of the Forest {rPois}
 59885 | Zig:19   | Entered Level 19 of a ziggurat
 59910 | Zig:19   | Noticed an ancient lich
 59912 | Zig:19   | Killed an ancient lich
 59955 | Zig:19   | Identified the ring of Jiaj {rF+ rN+ rCorr}
 59956 | Zig:19   | Identified the +1 orcbow "Teciki" {speed, Str+3}
 59968 | Zig:19   | Identified the +0 cloak of Cekkan {+Inv MP+9 Dex-3 Stlth+}
 59971 | Zig:19   | Got the Precepts of Twisted Astrapomancy
 59978 | Zig:20   | Entered Level 20 of a ziggurat
 59996 | Zig:20   | Reached skill level 15 in Dodging
 60023 | Zig:20   | Identified the +11 spear of Extinguishment {heavy, rC+}
 60035 | Zig:20   | Identified the ring "Xong" {rC+ Str+2 Int+4}
 60040 | Zig:20   | Identified the +0 ring mail of the New World {Int+5 Dex+6}
 60048 | Zig:20   | Identified the +2 hand axe "Qifuank" {heavy, rC++ Str+4
                  | Dex-4}
 60055 | Zig:21   | Entered Level 21 of a ziggurat
 60066 | Zig:21   | Noticed Yviarah the pandemonium lord
 60068 | Zig:21   | Killed Yviarah the pandemonium lord
 60069 | Zig:21   | Reached skill level 15 in Shapeshifting
 60122 | Zig:21   | Found the dreamshard necklace {Acrobat *Dream}
 60131 | Zig:21   | Found the +10 Black Knight's barding {ponderous, rPois rN+}
 60173 | Zig:22   | Entered Level 22 of a ziggurat
 60185 | Zig:22   | Noticed a royal mummy
 60187 | Zig:22   | Killed a royal mummy
 60189 | Zig:22   | Noticed a royal mummy
 60191 | Zig:22   | Noticed a royal mummy
 60192 | Zig:22   | Killed a royal mummy
 60194 | Zig:22   | Killed a royal mummy
 60208 | Zig:22   | Noticed a royal mummy
 60210 | Zig:22   | Killed a royal mummy
 60210 | Zig:22   | Killed a royal mummy
 60221 | Zig:22   | Noticed a royal mummy
 60223 | Zig:22   | Killed a royal mummy
 60250 | Zig:22   | Noticed a royal mummy
 60252 | Zig:22   | Killed a royal mummy
 60287 | Zig:22   | Identified the +7 leather armour "Gugysahy" {rCorr Dex-2
                  | Stlth+}
 60362 | Zig:23   | Entered Level 23 of a ziggurat
 60403 | Zig:23   | Found the +11 Singing Sword {sonic wave}
 60412 | Zig:23   | Identified the +5 robe of Action {Rampage rF+ Regen+}
 60454 | Zig:23   | Identified the +2 whip of Fiefux {freeze, rF+ Str+2 Int+2}
 60481 | Zig:24   | Entered Level 24 of a ziggurat
 60555 | Zig:24   | Found the +8 demon trident "Rift" {distort, reach+}
 60572 | Zig:24   | Identified the +2 spear "Orb Guardian's Regret" {heavy,
                  | Str+2 Int-5 Dex+4}
 60574 | Zig:24   | Identified the +8 flail of Royalism {flame, rElec rPois
                  | Int+3}
 60588 | Zig:24   | Identified the +4 chain mail of Narrow Curiosity {Harm
                  | Str-5 Int+3}
 60610 | Zig:25   | Entered Level 25 of a ziggurat
 60652 | Zig:25   | Found the ring of Shadows {Umbra +Inv Stlth+}
 60675 | Zig:25   | Identified the amulet of Zoniat {Faith rElec MP+9 Int+4
                  | SInv}
 60716 | Zig:26   | Entered Level 26 of a ziggurat
 60744 | Zig:26   | Noticed a dread lich
 60746 | Zig:26   | Killed a dread lich
 60750 | Zig:26   | Noticed a dread lich
 60751 | Zig:26   | Killed a dread lich
 60752 | Zig:26   | Killed a dread lich
 60752 | Zig:26   | Noticed a dread lich
 60754 | Zig:26   | Killed a dread lich
 60772 | Zig:26   | Found the -2 hat of the Alchemist {rElec rPois rF+ rC+ rN+
                  | Will+ rMut rCorr}
 60776 | Zig:26   | Identified the +1 helmet "Synn" {Str+3}
 60781 | Zig:26   | Identified the +1 flail of Saltpetre {freeze, *Corrode
                  | rElec Will+}
 60787 | Zig:26   | Identified the ring of Rafeur {rN+ MP+9}
 60792 | Zig:26   | Identified the +5 hand axe of Cyren {flame, rPois rC++
                  | Dex-5 SInv}
 60813 | Zig:26   | Identified the +0 ring mail of the Catfish {*Corrode rC++
                  | Regen+ Str+4}
 60815 | Zig:26   | Got the Papyrus of Hurtful Wanderlust
 60816 | Zig:26   | Identified the +9 flail of Misery {freeze, Int+3 Stlth+}
 60820 | Zig:26   | Acquired the ring "Ofifoiwn" {rC+ rN+ Will+ Str+4}
 60821 | Zig:26   | Acquired the +2 shield of Resistance {rF++ rC++ Will++}
 60821 | Zig:26   | Found the +2 shield of Resistance {rF++ rC++ Will++}
 60822 | Zig:26   | Acquired a book of Vapours
 60830 | Zig:27   | Entered Level 27 of a ziggurat
 60846 | Zig:27   | Noticed a dread lich
 60847 | Zig:27   | Killed a dread lich
 60851 | Zig:27   | Killed a dread lich
 60866 | Zig:27   | Killed an ancient lich
 60877 | Zig:27   | Killed a dread lich
 60877 | Zig:27   | Noticed a dread lich
 60882 | Zig:27   | Killed a dread lich
 60882 | Zig:27   | Killed an ancient lich
 60885 | Zig:27   | Killed a dread lich
 60888 | Zig:27   | Killed an ancient lich
 60889 | Zig:27   | Noticed a dread lich
 60889 | Zig:27   | Noticed an ancient lich
 60890 | Zig:27   | Killed an ancient lich
 60891 | Zig:27   | Killed a dread lich
 60892 | Zig:27   | Reached skill level 5 in Ranged Weapons
 60944 | Zig:27   | Found the amulet of the Four Winds {rN+ Will+++ Clar}
 60951 | Zig:27   | Identified the +8 demon blade of Porum {pain, rElec rC+
                  | rCorr Str+3}
 61040 | Zig:1    | Entered Level 1 of a ziggurat
 61057 | Zig:2    | Entered Level 2 of a ziggurat
 61075 | Zig:3    | Entered Level 3 of a ziggurat
 61076 | Zig:3    | Noticed a royal mummy
 61079 | Zig:3    | Killed a royal mummy
 61096 | Zig:4    | Entered Level 4 of a ziggurat
 61102 | Zig:4    | Reached skill level 10 in Ranged Weapons
 61114 | Zig:4    | Identified the +2 troll leather armour of Xuhiamo {Regen+
                  | Int+5}
 61132 | Zig:4    | Identified the +0 ring mail "Poageves" {MP+9}
 61135 | Zig:5    | Entered Level 5 of a ziggurat
 61160 | Zig:6    | Entered Level 6 of a ziggurat
 61190 | Zig:6    | Identified the +0 ring mail "Ipimpar" {Stlth+}
 61197 | Zig:7    | Entered Level 7 of a ziggurat
 61242 | Zig:8    | Entered Level 8 of a ziggurat
 61249 | Zig:8    | Found the +7 hand cannon "Mule" {flame, backblast, rF+}
 61254 | Zig:8    | Reached skill level 1 in Long Blades
 61274 | Zig:8    | Identified the ring "Coneonun" {rPois Str+6 Dex+3 Slay-5}
 61295 | Zig:9    | Entered Level 9 of a ziggurat
 61347 | Zig:10   | Entered Level 10 of a ziggurat
 61358 | Zig:10   | Reached skill level 15 in Ranged Weapons
 61367 | Zig:10   | Found the +1 robe of Vines {NoPotionHeal Regen++++}
 61375 | Zig:10   | Identified the +0 war axe of Jeafotu {flame, rCorr}
 61386 | Zig:10   | Identified the +2 scimitar of Callousness {antimagic, rCorr
                  | Str+3}
 61394 | Zig:10   | Identified the +3 leather armour "Beimoyps" {-Tele rElec
                  | Regen+ rCorr}
 61395 | Zig:10   | Identified the +3 flail of the Devouring Spider {speed,
                  | Int+2 SInv Stlth+}
 61403 | Zig:11   | Entered Level 11 of a ziggurat
 61413 | Zig:11   | Reached skill level 5 in Long Blades
 61426 | Zig:11   | Found the ring of the Tortoise {AC+8}
 61466 | Zig:12   | Entered Level 12 of a ziggurat
 61502 | Zig:12   | Identified the +3 buckler of the Hidden Vale {Harm rN+}
 61503 | Zig:12   | Identified the +4 great sword of Laceration {spect, Int+3}
 61534 | Zig:13   | Entered Level 13 of a ziggurat
 61579 | Zig:13   | Identified the +0 plate armour "Hutocisi" {Will++ Int+6}
 61600 | Zig:14   | Entered Level 14 of a ziggurat
 61608 | Zig:14   | Noticed a royal mummy
 61612 | Zig:14   | Killed a royal mummy
 61614 | Zig:14   | Noticed a royal mummy
 61616 | Zig:14   | Killed a royal mummy
 61617 | Zig:14   | Noticed a royal mummy
 61617 | Zig:14   | Noticed a royal mummy
 61619 | Zig:14   | Killed a royal mummy
 61620 | Zig:14   | Killed a royal mummy
 61651 | Zig:14   | Identified the +3 long sword of the Genius {freeze, Dex+3}
 61652 | Zig:14   | Identified the +8 chain mail of Cuhagin {rElec Int+3
                  | Stlth+}
 61669 | Zig:15   | Entered Level 15 of a ziggurat
 61707 | Zig:15   | Noticed Vinaamp the pandemonium lord
 61712 | Zig:15   | Found the +11 plutonium sword {Contam Stlth-}
 61756 | Zig:15   | Killed Vinaamp the pandemonium lord
 61893 | Zig:16   | Entered Level 16 of a ziggurat
 61906 | Zig:16   | Noticed a juggernaut
 61909 | Zig:16   | Killed a juggernaut
 61917 | Zig:16   | Reached skill level 10 in Long Blades
 61945 | Zig:16   | Found the +3 crown of Dyrovepreva {rElec Int+2 SInv}
 61967 | Zig:16   | Identified the +0 pair of gloves "Qaopel" {Will+ Str+4
                  | Int-2 Slay+5}
 61973 | Zig:16   | Identified the ring of Divine Intervention {Fire rN+}
 61996 | Zig:17   | Entered Level 17 of a ziggurat
 62041 | Zig:17   | Identified the +5 dagger of Joyful Slaughter {vamp, rC-
                  | MP+9 Dex+4}
 62055 | Zig:17   | Identified the ring "Rom Opsuac" {rC++ rN+ rCorr Dex+5}
 62056 | Zig:17   | Identified the +4 hand axe "Quridgh" {speed, rC+ Stlth+}
 62505 | Tomb:1   | Entered Level 1 of the Tomb of the Ancients
 62514 | Tomb:1   | Noticed a royal mummy
 62518 | Tomb:1   | Noticed a royal mummy
 62518 | Tomb:1   | Noticed a royal mummy
 62519 | Tomb:1   | Killed a royal mummy
 62519 | Tomb:1   | Killed a royal mummy
 62520 | Tomb:1   | Reached skill level 1 in Shields
 62520 | Tomb:1   | Killed a royal mummy
 62523 | Tomb:1   | Noticed a royal mummy
 62524 | Tomb:1   | Noticed a royal mummy
 62527 | Tomb:1   | Killed a royal mummy
 62527 | Tomb:1   | Killed a royal mummy
 62528 | Tomb:1   | Noticed a royal mummy
 62528 | Tomb:1   | Noticed a royal mummy
 62532 | Tomb:1   | Killed a royal mummy
 62533 | Tomb:1   | Killed a royal mummy
 62537 | Tomb:1   | Reached skill level 5 in Shields
 62723 | Tomb:1   | Noticed a royal mummy
 62728 | Tomb:1   | Killed a royal mummy
 62742 | Tomb:1   | Noticed a royal mummy
 62744 | Tomb:1   | Killed a royal mummy
 62769 | Tomb:2   | Noticed a royal mummy
 62769 | Tomb:2   | Noticed a royal mummy
 62769 | Tomb:2   | Noticed a royal mummy
 62770 | Tomb:2   | Noticed a royal mummy
 62772 | Tomb:2   | Killed a royal mummy
 62777 | Tomb:2   | Killed a royal mummy
 62777 | Tomb:2   | Killed a royal mummy
 62777 | Tomb:2   | Killed a royal mummy
 62794 | Tomb:2   | Identified the ring "Jousudis" {*Slow +Blink Int+6 Dex+4
                  | SInv}
 62907 | Tomb:2   | Reached skill level 10 in Shields
 62956 | Tomb:3   | Entered Level 3 of the Tomb of the Ancients
 62970 | Tomb:3   | Noticed a royal mummy
 62976 | Tomb:3   | Noticed a royal mummy
 62979 | Tomb:3   | Killed a royal mummy
 62980 | Tomb:3   | Noticed a royal mummy
 62980 | Tomb:3   | Noticed a royal mummy
 62982 | Tomb:3   | Killed a royal mummy
 62984 | Tomb:3   | Killed a royal mummy
 62985 | Tomb:3   | Killed a royal mummy
 63000 | Tomb:3   | Noticed a royal mummy
 63004 | Tomb:3   | Noticed a royal mummy
 63004 | Tomb:3   | Noticed a royal mummy
 63004 | Tomb:3   | Noticed a royal mummy
 63005 | Tomb:3   | Killed a royal mummy
 63005 | Tomb:3   | Killed a royal mummy
 63005 | Tomb:3   | Killed a royal mummy
 63007 | Tomb:3   | Killed a royal mummy
 63041 | Tomb:3   | Got a golden rune of Zot
 63070 | Tomb:3   | Identified the ring "Oxarchue" {rC+ Str+3 Int+6}
 63075 | Tomb:3   | Identified the staff of the Last Priests {*Slow rF+ Int+3
                  | Dex+4 Stlth+ Fire}
 63095 | Tomb:3   | Identified the +9 dagger of Puwnuaru {elec, rC+}
 63098 | Tomb:3   | Identified the amulet of Mistrust {RegenMP rF+ Str+2}
 63213 | Tomb:1   | Noticed a royal mummy
 63217 | Tomb:1   | Killed a royal mummy
 63646 | Pan      | Entered Pandemonium
 63828 | Pan      | Noticed Cemuk the pandemonium lord
 63830 | Pan      | Killed Cemuk the pandemonium lord
 63928 | Pan      | Found an exit through the horrors of the Abyss.
 64125 | Pan      | Reached skill level 15 in Shields
 64129 | Pan      | Entered the realm of Mnoleg.
 64223 | Pan      | Noticed Mnoleg
 64228 | Pan      | Killed Mnoleg
 64276 | Pan      | Got a glowing rune of Zot
 64348 | Pan      | Noticed Mickitad the pandemonium lord
 64351 | Pan      | Killed Mickitad the pandemonium lord
 64443 | Pan      | Got a demonic rune of Zot
 64577 | Pan      | Entered the realm of Gloorx Vloq.
 64742 | Pan      | Noticed Gloorx Vloq
 64745 | Pan      | Killed Gloorx Vloq
 64788 | Pan      | Got a dark rune of Zot
 64824 | Pan      | Identified the +1 ring mail of the Soldier {*Slow rElec
                  | rPois Stlth+}
 64948 | Pan      | Noticed Gailos the pandemonium lord
 64954 | Pan      | Killed Gailos the pandemonium lord
 65053 | Pan      | Noticed Ysausud the pandemonium lord
 65059 | Pan      | Killed Ysausud the pandemonium lord
 65172 | Pan      | Found a runed translucent door.
 65262 | Pan      | Noticed Yciofinu the pandemonium lord
 65268 | Pan      | Killed Yciofinu the pandemonium lord
 65442 | Pan      | Noticed Ashrusy the pandemonium lord
 65446 | Pan      | Killed Ashrusy the pandemonium lord
 65528 | Pan      | Noticed Urif Jay the pandemonium lord
 65533 | Pan      | Killed Urif Jay the pandemonium lord
 65653 | Pan      | Noticed Gopno the pandemonium lord
 65658 | Pan      | Killed Gopno the pandemonium lord
 65713 | Pan      | Entered the realm of Lom Lobon.
 65949 | Pan      | Noticed Lom Lobon
 65978 | Pan      | Killed Lom Lobon
 66069 | Pan      | Got a magical rune of Zot
 66120 | Pan      | Entered the realm of Cerebov.
 66125 | Pan      | Found the +6 sword of Cerebov {flame}
 66125 | Pan      | Noticed Cerebov
 66207 | Pan      | Found an exit through the horrors of the Abyss.
 66392 | Pan      | Killed Cerebov
 66407 | Pan      | Got a fiery rune of Zot
 66431 | Pan      | Identified the +9 sling "Vurphoiw" {heavy, rElec rC+ Int+4}
 66451 | Pan      | Identified the +2 shortbow "Peoh" {freeze, rF+ rCorr Str+3
                  | Dex-2}
 66485 | Pan      | Identified the ring of Temptation {rPois rN+}
 66510 | Pan      | Identified the staff of Toiph {rElec rPois Air}
 66523 | Pan      | Identified the ring "Gugieriu" {rF+ Str+2 Int+3 Dex+5}
 66626 | Pan      | Took an exit into the Abyss.
 66626 | Abyss:1  | Escaped into the Abyss
 66660 | Abyss:2  | Found a corrupted altar of Lugonu.
 66696 | Abyss:3  | Got an abyssal rune of Zot
 66699 | Abyss:3  | Found a corrupted altar of Lugonu.
 66740 | Abyss:4  | Found a corrupted altar of Lugonu.
 66783 | Depths:1 | Escaped the Abyss
 66826 | Hell     | Entered the Vestibule of Hell
 66826 | Hell     | Noticed Geryon
 66830 | Hell     | Killed Geryon
 66864 | Hell     | Reached skill level 27 in Spellcasting
 66880 | Hell     | Found a gateway to the freezing wastes of Cocytus.
 66890 | Coc:1    | Entered Level 1 of Cocytus
 66890 | Coc:1    | Noticed a dread lich
 66891 | Coc:1    | Killed a dread lich
 67065 | Coc:5    | Noticed a dread lich
 67067 | Coc:5    | Killed a dread lich
 67129 | Coc:6    | Reached skill level 15 in Armour
 67135 | Coc:7    | Entered Level 7 of Cocytus
 67143 | Coc:7    | Paralysed by a wendigo for 1 turns
 67228 | Coc:7    | Paralysed by a wendigo for 1 turns
 67232 | Coc:7    | Paralysed by a wendigo for 1 turns
 67285 | Coc:7    | Reached skill level 27 in Fighting
 67285 | Coc:7    | Reached skill level 1 in Stealth
 67361 | Coc:7    | Reached skill level 5 in Stealth
 67444 | Coc:7    | Noticed Antaeus
 67452 | Coc:7    | Killed Antaeus
 67506 | Coc:7    | Found the +0 pair of fencer's gloves {Riposte Dex+3}
 67566 | Coc:7    | Identified the +5 plate armour "Xuovoax" {Dex+4}
 67586 | Coc:7    | Got an icy rune of Zot
 67734 | Hell     | Found a gateway to the decaying netherworld of Tartarus.
 67743 | Tar:1    | Entered Level 1 of Tartarus
 67964 | Tar:2    | Reached skill level 10 in Stealth
 67964 | Tar:2    | Reached skill level 5 in Evocations
 68400 | Tar:4    | Noticed a dread lich
 68400 | Tar:4    | Noticed an ancient lich
 68402 | Tar:4    | Killed a dread lich
 68402 | Tar:4    | Killed an ancient lich
 68402 | Tar:4    | Noticed a dread lich
 68403 | Tar:4    | Noticed a dread lich
 68404 | Tar:4    | Killed a dread lich
 68404 | Tar:4    | Noticed an ancient lich
 68405 | Tar:4    | Killed a dread lich
 68406 | Tar:4    | Reached skill level 10 in Evocations
 68406 | Tar:4    | Killed an ancient lich
 68639 | Tar:7    | Entered Level 7 of Tartarus
 68831 | Tar:7    | Learned a level 1 spell: Apportation
 68832 | Tar:7    | Noticed Ereshkigal
 68834 | Tar:7    | Reached skill level 15 in Stealth
 68834 | Tar:7    | Killed Ereshkigal
 68875 | Tar:7    | Got a bone rune of Zot
 69043 | Hell     | Found a gateway to the ashen valley of Gehenna.
 69062 | Geh:1    | Entered Level 1 of Gehenna
 69329 | Geh:4    | Noticed a dread lich
 69332 | Geh:4    | Killed a dread lich
 69509 | Geh:7    | Entered Level 7 of Gehenna
 69565 | Geh:7    | Noticed the Serpent of Hell
 69570 | Geh:7    | Killed the Serpent of Hell
 69741 | Geh:7    | Found the +13 sceptre of Asmodeus
 69741 | Geh:7    | Noticed Asmodeus
 69747 | Geh:7    | Killed Asmodeus
 69772 | Geh:7    | Identified the staff "Beetleslayer" {rC+ rN+ Will- SInv
                  | Ice}
 69776 | Geh:7    | Identified the +9 mace of Patience {holy, rN+++ Str-2 Int+6
                  | Stlth+}
 69789 | Geh:7    | Got an obsidian rune of Zot
 69863 | Hell     | Found a gateway to the Iron City of Dis.
 69882 | Dis:1    | Entered Level 1 of the Iron City of Dis
 69887 | Dis:1    | Noticed an ancient lich
 69888 | Dis:1    | Killed an ancient lich
 70177 | Dis:7    | Entered Level 7 of the Iron City of Dis
 70576 | Dis:7    | Noticed a juggernaut
 70581 | Dis:7    | Killed a juggernaut
 70597 | Dis:7    | Got an iron rune of Zot
 70597 | Dis:7    | Identified the ring "Huafe" {rF+ MP+9}
 70597 | Dis:7    | Noticed Dispater
 70605 | Dis:7    | Killed Dispater
 70612 | Dis:7    | Got the Omnibus of Polar Embers
 70953 | Zot:1    | Entered Level 1 of the Realm of Zot
 71041 | Zot:5    | Entered Level 5 of the Realm of Zot
 71404 | Zot:5    | Noticed an orb of fire
 71416 | Zot:5    | Noticed an orb of fire
 71439 | Zot:5    | Killed an orb of fire
 71441 | Zot:5    | Killed an orb of fire
 71461 | Zot:5    | Noticed an orb of fire
 71499 | Zot:5    | Killed an orb of fire
 71554 | Zot:5    | Noticed an orb of fire
 71558 | Zot:5    | Killed an orb of fire
 71617 | Zot:5    | Noticed an orb of fire
 71619 | Zot:5    | Noticed an ancient lich
 71622 | Zot:5    | Killed an ancient lich
 71623 | Zot:5    | Killed an orb of fire
 71775 | Zot:5    | Noticed an ancient lich
 71777 | Zot:5    | Killed an ancient lich
 71796 | Zot:5    | Noticed an orb of fire
 71799 | Zot:5    | Killed an orb of fire
 71849 | Zot:5    | Noticed a dread lich
 71851 | Zot:5    | Killed a dread lich
 72007 | Zot:5    | Reached skill level 27 in Stealth
 72089 | Zot:5    | Got the Orb of Zot
 72145 | Zot:4    | Noticed Guwael the pandemonium lord
 72589 | D:3      | Noticed Veesinu the pandemonium lord
 72631 | D:2      | Killed Crazy Yiuf
 72684 | D:$      | Escaped with the Orb!

Illustrated notes

Levels and vault maps discovered:
D:1:      giann_horns, layout_loops_cross
D:2:      layout_loops_corners, serial_shops, nicolae_shop_hallway_plus,
          uniq_crazy_yiuf_cottage, uniq_jessica
D:3:      layout_basic, ebering_ecumenical_altar_mist
D:4:      dreamdust_elfheim, layout_gridville,
          nicolae_overflow_macrodata_refinement
D:5:      layout_loops_ring, marbit_many_paths
D:6:      layout_cave_pools, minmay_misc_feat_roman, uniq_menkaure
D:7:      layout_gridville, temple_doors_e, amcnicky_mini_rare_corridor_liquid,
          uniq_prince_ribbit1, uniq_pikel
D:8:      minmay_polygon_palace, layout_rooms, lemuel_crystal_altar,
          nicolae_kikubaaqudgha_miasma_corner, enter_bailey_5
D:9:      layout_big_octagon, hellmonk_lair_entry_icy, uniq_joseph, uniq_harold,
          uniq_maggie
D:10:     lemuel_slime, layout_rooms, orc_david_3, uniq_fannar, uniq_nergalle,
          uniq_sonja
D:11:     layout_rooms, serial_shops, nicolae_shop_stone, serial_curves,
          eino_curves_01, eino_curves_03, onia_ninara_cookie
D:12:     layout_roguey, serial_shops, shop, nicolae_shop_hallway_stairs,
          nicolae_guarded_unrand_storm_shield
D:13:     layout_loops_ring
D:14:     layout_loops_ring, skrybe_vaults_entry_preservation,
          grunt_decor_clamped, uniq_rupert
D:15:     gammafunk_enter_depths_forms, layout_basic, old_standard_altar,
          uniq_nessos
Temple:   regret_index_temple_waves
Lair:1:   layout_cave_shapes, nzn_sisyphean_effort
Lair:2:   layout_misc_corridors, dummy_spider_entry,
          nicolae_volcano_entry_batcave, minmay_lair_oklob_bushes,
          infiniplex_staircase_pool_2, serial_bayou_shore_a
Lair:3:   layout_regular_city, elwin_shoals_entry_stream
Lair:4:   layout_gridlike, uniq_snorg
Lair:5:   due_jungle_book, layout_cellular_growth,
          minmay_slime_entry_jelly_boxes, dpeg_oklob_1
Shoals:1: argonaut_golden_fleece, layout_shoals, st_cyclops, uniq_aizul
Shoals:2: layout_shoals, gammafunk_ghost_cemetery
Shoals:3: layout_shoals, regret_index_shoals_crete
Shoals:4: shoals_end_hellmonk_lost_city, uniq_polyphemus
Spider:1: layout_spider_delve, nicolae_spider_paper_wasps, uniq_azrael
Spider:2: layout_chambers
Spider:3: layout_cave_pods, uniq_mlioglotl
Spider:4: hellmonk_spider_rune_endless_swarm, nicolae_arachne_temple
Slime:1:  layout_caves
Slime:2:  layout_caves
Slime:3:  layout_caves
Slime:4:  layout_caves
Slime:5:  slime_pit
Orc:1:    layout_caves, uniq_jorgrun
Orc:2:    pf_orc_diabolical, layout_caves, mines2_lemuel
Elf:1:    layout_gridlike, gammafunk_ghost_cemetery, minmay_elf_crystal_hexagon,
          small_statue_intersection
Elf:2:    nicolae_elf_blades_crystal_corner, layout_loops_corners,
          grunt_megastairs_1
Elf:3:    minmay_elf_hall_spiked, layout_geoelf_octagon, serial_shops,
          nicolae_shop_tiny_statue_garden
Vaults:1: ebering_ghost_xom, vaults_room_grid, serial_ice_h, v_alt_pattern_1,
          v_alt_pattern_2, hangedman_vaults_corner_blocks,
          nicolae_vaults_apartment_1, ontoclasm_vaults_shout,
          serial_library_regret_index_small_wings, hangedman_vaults_slice,
          ontoclasm_vaults_ring_small, nicolae_vaults_closet_pinwheel_4,
          ontoclasm_vaults_decontamination, hangedman_vaults_trim,
          nicolae_vaults_double_plus_2, nicolae_vaults_more_shelving_1,
          layout_vaults_big_cross
Vaults:2: nicolae_vaults_shelves_hall, vaults_room_fancy_cross,
          minmay_crypt_entry_simple_box, v_pattern_1,
          nicolae_vaults_closet_pinwheel_6, nicolae_vaults_little_squares_2,
          nicolae_vaults_little_squares_2, nicolae_vaults_alarming,
          nicolae_vaults_diamond_2, layout_vaults_omnigrid
Vaults:3: infiniplex_enter_wizlab_spiral, nicolae_vaults_little_squares_4,
          nicolae_vaults_little_squares_5, grunt_vaults_swirl,
          cheibrodos_frozen_isle, vaults_room_door_hall, hangedman_vaults_slice,
          nicolae_vaults_diamond_2, grunt_vaults_hallway_short,
          ontoclasm_vaults_eye, nicolae_vaults_oval_intersection,
          layout_vaults_chaotic_city
Vaults:4: ontoclasm_vaults_twist, nicolae_vaults_oval_intersection,
          grunt_vaults_hallway_short, ontoclasm_vaults_tryst, v_misc_33,
          v_misc_30, st_octagons_1, nicolae_vaults_little_squares_6, v_misc_22,
          vaults_room_door_ring, nicolae_vaults_stepped_doors,
          nicolae_vaults_little_squares_5, vaults_standard_mumra_lines,
          vaults_room_fancy_cross, nicolae_vaults_closet_pinwheel_5,
          layout_vaults_maze_snakey
Vaults:5: uniq_mara
Crypt:1:  cheibrodos_crypt_3hun_7po, layout_catacombs, uniq_frederick
Crypt:2:  layout_misc_corridors, grunt_ministairs_4,
          ebering_dispersal_statue_hall, lemuel_hellish_altar,
          roderic_lattice_octagonal_star, lemuel_elevator
Crypt:3:  quadcrypt_mu
Tomb:1
Tomb:2
Tomb:3
Depths:1: minmay_inside_and_out, layout_cave_shapes, enter_ziggurat_d,
          pan_entry, serial_shops, nicolae_shop_mannequins, grunt_metal_band,
          minivault_10, fedhas_altar_1, serial_bayou_shore_b
Depths:2: dreamdust_hydra_shepherd, layout_basic, grunt_decor_resistance,
          grunt_pan_entry_zigzag, hangedman_tar_grid_catacomb, abyss_entry,
          minmay_staircase_windowed_small, uniq_asterion
Depths:3: minmay_guarded_unrand_majin_bo, layout_cave_pools,
          minmay_staircase_bubble, pf_coc_iceberg, abyss_entry_crystal,
          serial_column_ruins, column_ruins_portal_squares, column_ruins_hut,
          column_ruins_hut_pillars, column_ruins_open_tiny, column_ruins_grid_1,
          column_ruins_grid_3, column_ruins_columns_corner,
          column_ruins_open_tiny, firewood_loft, uniq_grunn, uniq_norris,
          uniq_xtahua
Depths:4: evilmike_zot_entry_argh, layout_gridlike, xom_redecorated, hell_entry,
          nicolae_gozag_cash_rules_everything_around_me, uniq_jory
Hell
Dis:1:    layout_regular_city, nicolae_dis_spooky_hallway
Dis:2:    hangedman_dis_decor_blocks_talon, layout_jigsaw
Dis:3:    layout_jigsaw
Dis:4:    layout_gridville
Dis:5:    nicolae_hells_demon_pit, layout_subdivisions
Dis:6:    layout_subdivisions
Dis:7:    dis_st
Geh:1:    layout_gehenna_pools_box
Geh:2:    layout_gehenna_pools_basic
Geh:3:    layout_gehenna_pools_box
Geh:4:    layout_gehenna_lava_caves
Geh:5:    layout_gehenna_pools_basic
Geh:6:    layout_gehenna_pools_basic, nicolae_hells_hurtin_island
Geh:7:    geh_mu
Coc:1:    layout_cocytus_water_paths
Coc:2:    layout_cocytus_water_paths
Coc:3:    layout_cocytus_delve, nicolae_coc_statues_of_limitations
Coc:4:    layout_cocytus_water_paths
Coc:5:    layout_cocytus_water_paths
Coc:6:    layout_ice_bergs
Coc:7:    coc_grunt_cove [coc_grunt_cove_antaeus, coc_grunt_cove_fiend,
          coc_grunt_cove_fiend, coc_grunt_cove_fiend, coc_grunt_cove_fiend]
Tar:1:    layout_catacombs, nicolae_tar_cuneiform_bird
Tar:2:    layout_grid_maze
Tar:3:    layout_grid_maze
Tar:4:    layout_catacombs, nicolae_hells_leichenhalle
Tar:5:    layout_catacombs, nicolae_tar_cuneiform_water
Tar:6:    layout_cathedral_of_symmetry, nicolae_tar_cuneiform_sun,
          nicolae_tar_honey_chapel
Tar:7:    tar_mu [tar_mu_maze]
Zot:1:    layout_cathedral_of_symmetry, regret_index_zotdec_iron_s
Zot:2:    layout_onion, uniq_parghit, uniq_josephina
Zot:3:    grunt_deathspiral_small, layout_concentric_octagons
Zot:4:    layout_concentric_octagons
Zot:5:    layout_onion, hangedman_zot_gyre

Skill      XL: |  1  2  3  4  5  6  7  8  9 10 11 12 13 14 15 16 17 18 19 20 21 22 23 24 25 26 27 |
---------------+----------------------------------------------------------------------------------+-----
Conjurations   | 5 6 7 8 10 11 14 16 18 20 22 24 | 24.3
Translocations | 1 |  1.0
Spellcasting   | 3 4 5 7 8 9 10 11 13 15 18 19 20 21 22 27 | 27.0
Ice Magic      | 1 |  1.0
Transmutations | 1 2 |  2.0
Earth Magic    | 1 2 5 10 12 14 18 | 18.0
Dodging        | 3 4 6 8 10 12 13 14 20 | 20.0
Fighting       | 3 4 6 8 9 10 12 14 16 17 27 | 27.0
Fire Magic     | 3 6 9 12 13 18 19 20 21 22 | 22.0
Poison Magic   | 1 2 |  2.0
Air Magic      | 2 3 5 11 17 18 | 18.0
Armour         | 1 6 8 10 16 | 16.0
Necromancy     | 2 6 |  6.0
Evocations     | 1 3 12 | 12.0
Shapeshifting  | 23 | 23.0
Ranged Weapons | 18 | 18.0
Long Blades    | 14 | 14.3
Shields        | 22 | 22.0
Stealth        | 27 | 27.0
Short Blades   | |  3.2

Action                     |  1- 3 |  4- 6 |  7- 9 | 10-12 | 13-15 | 16-18 | 19-21 | 22-24 | 25-27 || total
---------------------------+-------+-------+-------+-------+-------+-------+-------+-------+-------++-------
  Melee: Short sword       |    62 |       |       |       |     7 |       |       |       |       ||    69
         Kick              |     9 |    11 |    12 |    30 |    25 |     3 |     3 |     2 |    45 ||   140
         Peck              |     3 |     7 |     7 |    11 |    14 |     1 |     4 |     2 |    25 ||    74
         Club              |     1 |    34 |    46 |    10 |       |       |       |       |       ||    91
         Staff             |     1 |     3 |     7 |    73 |    71 |     8 |     6 |     3 |    70 ||   242
         Punch             |       |       |       |     2 |     1 |       |       |       |       ||     3
         Demon blade       |       |       |       |       |       |       |       |       |     9 ||     9
   Fire: Hand cannon       |       |       |       |       |       |       |       |       |     3 ||     3
  Throw: Dart              |       |     1 |     1 |     1 |     2 |       |       |       |       ||     5
   Cast: Momentum Strike   |    10 |    25 |    33 |     6 |       |       |       |       |       ||    74
         Hailstorm         |       |     2 |    36 |    77 |    15 |       |       |       |       ||   130
         Kiss of Death     |       |       |     3 |       |       |       |       |       |       ||     3
         Irradiate         |       |       |     5 |    30 |    46 |     2 |       |       |       ||    83
         Bombard           |       |       |       |    89 |   226 |    40 |     7 |    35 |   116 ||   513
         Olgreb's Toxic Ra |       |       |       |     9 |    26 |       |       |       |       ||    35
         Blink             |       |       |       |     1 |       |       |     1 |       |       ||     2
         Iskenderun's Myst |       |       |       |     5 |    55 |    38 |    28 |    24 |    51 ||   201
         Plasma Beam       |       |       |       |       |    52 |     2 |       |       |       ||    54
         Fireball          |       |       |       |       |     4 |   186 |    63 |    35 |    66 ||   354
         Ignition          |       |       |       |       |       |    55 |    26 |    10 |    12 ||   103
         Fire Storm        |       |       |       |       |       |     7 |   152 |   203 |   543 ||   905
         Sublimation of Bl |       |       |       |       |       |       |     8 |    45 |    74 ||   127
         Chain Lightning   |       |       |       |       |       |       |       |     2 |   213 ||   215
         Shatter           |       |       |       |       |       |       |       |       |   770 ||   770
Ability: Begin Untransform |       |       |       |       |       |       |       |       |     8 ||     8
  Evoke: Wand              |       |       |       |     7 |       |     4 |     1 |       |     2 ||    14
         Figurine of a zig |       |       |       |       |       |       |       |       |     1 ||     1
    Use: Scroll            |       |     8 |     7 |     4 |    10 |    13 |     3 |     4 |    28 ||    77
         Potion            |       |       |       |       |       |     1 |       |       |    35 ||    36
   Stab: Distracted        |       |       |       |       |       |       |       |       |     1 ||     1
 Armour: Leather armour    |    29 |    13 |       |    12 |    62 |    22 |    10 |       |       ||   148
         Robe              |       |     6 |    43 |    41 |     1 |       |       |       |     4 ||    95
         Acid dragon scale |       |       |       |     2 |    13 |       |     2 |       |       ||    17
         Swamp dragon scal |       |       |       |       |       |     1 |       |       |       ||     1
         Troll leather arm |       |       |       |       |       |       |     9 |    30 |   399 ||   438
  Dodge: Dodged            |    65 |    18 |    86 |   120 |   177 |    30 |    51 |    56 |   499 ||  1102
  Block: Other             |       |       |       |    23 |    31 |     1 |       |       |       ||    55
         Reflection        |       |       |       |     5 |     5 |       |       |       |       ||    10
         Kite shield       |       |       |       |       |       |       |       |       |    52 ||    52
   Form: Death             |       |       |       |       |       |       |       |       |     9 ||     9

Table legend: (Time is in decaauts)
 A = Elapsed time spent in this place.
 B = Non-inter-level travel time spent in this place.
 C = Inter-level travel time spent in this place.
 D = Time resting spent in this place.
 E = Time spent auto-exploring this place.
 F = Levels seen in this place.
 G = Mean time per level.
                   A        B        C        D        E       F      G
               +--------+--------+--------+--------+--------+-----+--------+
         Total |  72732 |  67128 |   5604 |   9636 |  33619 | 157 |  463.3 |
       Dungeon |  18367 |  16258 |   2109 |   2683 |   9561 |  15 | 1224.5 |
        Temple |     63 |     35 |     28 |      0 |      0 |   1 |   63.0 |
          Lair |   7871 |   7196 |    675 |   1607 |   3818 |   5 | 1574.2 |
        Shoals |   3121 |   3021 |    100 |    271 |   1910 |   4 |  780.2 |
   Spider Nest |   4840 |   4564 |    276 |     81 |   3689 |   4 | 1210.0 |
    Slime Pits |   1001 |    924 |     77 |    200 |    145 |   5 |  200.2 |
  Orcish Mines |   2682 |   2329 |    353 |    725 |    995 |   2 | 1341.0 |
   Elven Halls |   4867 |   4666 |    201 |   1221 |   1934 |   3 | 1622.3 |
        Vaults |   6149 |   5801 |    348 |     46 |   4247 |   5 | 1229.8 |
         Crypt |   4048 |   3568 |    480 |     36 |   2733 |   3 | 1349.3 |
          Tomb |    731 |    717 |     14 |     34 |     36 |   3 |  243.7 |
        Depths |   5039 |   4218 |    821 |    177 |   2998 |   4 | 1259.8 |
          Hell |    214 |    195 |     19 |      8 |      8 |   1 |  214.0 |
           Dis |    900 |    900 |      0 |    229 |     13 |   7 |  128.6 |
       Gehenna |    764 |    736 |     28 |     55 |    210 |   7 |  109.1 |
       Cocytus |    812 |    784 |     28 |    130 |     11 |   7 |  116.0 |
      Tartarus |   1241 |   1241 |      0 |    133 |    301 |   7 |  177.3 |
           Zot |   1255 |   1213 |     42 |    244 |    247 |   5 |  251.0 |
         Abyss |    156 |    156 |      0 |      0 |      0 |   4 |   39.0 |
   Pandemonium |   2955 |   2955 |      0 |    280 |    427 |  18 |  164.2 |
      Ziggurat |   3221 |   3221 |      0 |    437 |     10 |  44 |   73.2 |
        Bailey |   1210 |   1210 |      0 |    638 |      0 |   1 | 1210.0 |
       Volcano |    563 |    563 |      0 |    363 |      0 |   1 |  563.0 |
        Wizlab |    650 |    650 |      0 |     37 |    326 |   1 |  650.0 |
               +--------+--------+--------+--------+--------+-----+--------+

Top non-repeatable levels by time:
  Lair:5: 3156 daAuts
   Elf:3: 2444 daAuts
 Crypt:3: 2058 daAuts
   Orc:2: 2008 daAuts
     D:9: 1992 daAuts
    D:11: 1810 daAuts
    D:10: 1602 daAuts
Depths:1: 1575 daAuts
Spider:4: 1438 daAuts
Vaults:3: 1425 daAuts
   Elf:1: 1415 daAuts
     D:8: 1379 daAuts
  Lair:1: 1334 daAuts
     D:5: 1333 daAuts
Depths:2: 1329 daAuts
